Cogmind - Beta 16 @@@ ROGUE MODE // 2025.10.27 @ 00:26:15 Player: Cracklepappy Result: Self-destructed Performance ------------- Evolutions (9) 4500 Regions Visited (32) 6400 Robots Destroyed (487) 2435 Value Destroyed (30246) 30246 Prototype IDs (64) 1280 Alien Tech Used (0) 0 Bonus (31527) 31527 TOTAL SCORE: 76388 Bonus ------- High Alert Combat Kills 5105 Follower Combat Kills 7442 Entered Garrisons 2200 Used RIF Installer 6000 Aligned with FarCom 300 Destroyed MAIN.C Guards 500 Met MAIN.C 5000 Destroyed MAIN.C Shell 5000 Friendly Fire -20 Cogmind --------- Core Integrity 247/1600 Matter 96/300 Energy 100/100 System Corruption 16% Temperature Cool (0) Movement Core (50) Location -1/Command Parts ------- > --- POWER (2) -------- (None) > --- PROPULSION (4) --- (None) > --- UTILITY (14) ----- (None) > --- WEAPON (5) ------- (None) > --- INVENTORY (5) ---- Heavy Siege Treads Quantum Rifle Advanced Remote Datajack Plasma Cutter Peak State ------------ > --- POWER ------------ Light Antimatter Reactor Light Quantum Reactor > --- PROPULSION ------- Compact Wheel Compact Wheel Centrium Wheel Centrium Wheel > --- UTILITY ---------- Cargo Storage Unit Graphene Brace Relay Coupler [Proto] Relay Coupler [Proto] Relay Coupler [Proto] Relay Coupler [Proto] Relay Coupler [Proto] Relay Coupler [Proto] Relay Coupler [Proto] Relay Coupler [Proto] Relay Coupler [Proto] Relay Coupler [Proto] Relay Coupler [Proto] > --- WEAPON ----------- Enhanced Coil Gun Hypervelocity Railgun Enhanced Hardcell Cannon Enhanced Hardcell Cannon Advanced Remote Datajack > --- INVENTORY -------- Heavy Treads Advanced Medium Treads Heavy Siege Treads Advanced Heat Sink High-capacity Matter Pod Experimental Thermal Defense Suite Advanced Point Defense System Relay Coupler [Sentry] High-powered Tractor Beam Guided Plasma Cannon KE Penetrator XL Autogun Array Advanced Remote Datajack Plasma Cutter Deploy-a-Sentry Deploy-a-Sentry Deploy-a-Sentry [Rating: 195] Favorites ----------- Power Reinforced Antimatter Reactor Engine Improved Ion Engine Power Core Reinforced Fission Core Reactor Reinforced Antimatter Reactor Propulsion Improved Heavy Treads Treads Improved Heavy Treads Wheel Centrium Wheel Utility Cargo Storage Unit Device Advanced Cooling System Storage Cargo Storage Unit Processor Core Analyzer Hackware Relay Coupler [Sentry] Protection Medium Armor Plating Weapon KE Penetrator Energy Gun Spread Laser Energy Cannon Enhanced Nova Cannon Ballistic Gun KE Penetrator Ballistic Cannon Heavy Linear Accelerator Launcher Missile Launcher Special Weapon Advanced Remote Datajack Slashing Weapon Great Axe Piercing Weapon Lance Special Melee Weapon Datajack Build | -11 -10 -10 -10 -9 -8 -8 -7 -7 -7 -7 -6 -6 -6 -6 -5 -5 -4 -4 -4 -4 -4 -4 -3 -3 -2 -2 -2 -2 -1 -1 -1 -1 ------- Run | Yrd Mat Min Exi Min Mat Gar Fac Gar Fac Gar Fac Was Fac Gar Fac Gar Fac Was Fac Gar Fac Gar Res Gar Res Gar Res Gar Acc Gar Acc Com Slots Evolved 18 | . . . . . 4 . 2 . . . 2 . . . 2 . 2 . . . . . 2 . 2 . . . 2 . . . Power 1 | . . . . . . . . . . . . . . . . . . . . . . . . . . . . . 1 . . . Propulsion 2 | . . . . . . . 2 . . . . . . . . . . . . . . . . . . . . . . . . . Utility 12 | . . . . . 1 . . . . . 2 . . . 2 . 2 . . . . . 2 . 2 . . . 1 . . . Weapon 3 | . . . . . 3 . . . . . . . . . . . . . . . . . . . . . . . . . . . Parts Attached 352 | 8 14 5 10 . 18 4 7 22 1 16 3 2 4 9 10 11 3 2 3 20 11 21 6 24 2 25 7 24 7 11 6 36 Power 23 | 1 3 . 2 . . . . 1 . . . . . 1 . . . . . . 1 2 . 1 . 3 . 3 1 1 1 2 Engine 4 | 1 2 . 1 . . . . . . . . . . . . . . . . . . . . . . . . . . . . . Core 4 | . 1 . . . . . . 1 . . . . . . . . . . . . 1 1 . . . . . . . . . . Reactor 15 | . . . 1 . . . . . . . . . . 1 . . . . . . . 1 . 1 . 3 . 3 1 1 1 2 Propulsion 53 | 2 3 1 2 . 4 1 2 8 . 1 . . . 1 . 2 . . 1 2 2 2 1 5 . 3 1 3 2 . . 4 Treads 34 | 2 3 1 2 . . . . 4 . 1 . . . 1 . 2 . . 1 . 2 2 1 5 . 1 1 3 . . . 2 Leg . | . . . . . . . . . . . . . . . . . . . . . . . . . . . . . . . . . Wheel 19 | . . . . . 4 1 2 4 . . . . . . . . . . . 2 . . . . . 2 . . 2 . . 2 Hover . | . . . . . . . . . . . . . . . . . . . . . . . . . . . . . . . . . Flight . | . . . . . . . . . . . . . . . . . . . . . . . . . . . . . . . . . Utility 142 | 2 3 2 1 . 4 . 1 3 1 5 2 1 3 1 9 4 2 1 2 11 5 10 4 9 2 9 2 10 1 10 1 21 Device 44 | 1 . 1 1 . 1 . . . . 2 . . 2 1 6 3 2 . 2 3 3 3 1 1 1 1 1 1 . 1 . 6 Storage 10 | 1 2 . . . 1 . 1 . . . 1 . . . 1 . . . . 1 . . . 1 . . . . . . . 1 Processor 5 | . . . . . 1 . . . . . 1 . . . 1 . . . . 1 . . . 1 . . . . . . . . Hackware 78 | . . . . . 1 . . 3 1 2 . 1 1 . 1 1 . 1 . 5 2 7 2 6 1 8 1 9 1 9 1 14 Protection 5 | . 1 1 . . . . . . . 1 . . . . . . . . . 1 . . 1 . . . . . . . . . Artifact . | . . . . . . . . . . . . . . . . . . . . . . . . . . . . . . . . . Weapon 134 | 3 5 2 5 . 10 3 4 10 . 10 1 1 1 6 1 5 1 1 . 7 3 7 1 9 . 10 4 8 3 . 4 9 Energy Gun 10 | 1 2 1 1 . 4 . . . . 1 . . . . . . . . . . . . . . . . . . . . . . Energy Cannon 9 | . . . . . . 1 . . . . . 1 . . . 1 . . . . . 1 . 2 . 1 . 2 . . . . Ballistic Gun 74 | 2 3 1 2 . 6 . 3 6 . 4 . . 1 1 . 4 . . . 6 1 5 1 6 . 3 4 4 3 . 2 6 Ballistic Cannon 21 | . . . . . . . . 2 . 4 . . . 5 . . . . . . 2 1 . . . 4 . 1 . . 1 1 Launcher 1 | . . . . . . . . 1 . . . . . . . . . . . . . . . . . . . . . . . . Special Weapon 13 | . . . . . . 1 1 1 . . 1 . . . 1 . 1 1 . . . . . . . 2 . 1 . . 1 2 Impact Weapon . | . . . . . . . . . . . . . . . . . . . . . . . . . . . . . . . . . Slashing Weapon 2 | . . . 1 . . . . . . 1 . . . . . . . . . . . . . . . . . . . . . . Piercing Weapon 2 | . . . . . . . . . . . . . . . . . . . . 1 . . . 1 . . . . . . . . Special Melee Weapon 2 | . . . 1 . . 1 . . . . . . . . . . . . . . . . . . . . . . . . . . Unidentified Prototypes 10 | . . 1 . . 1 . . . . . . . . . 1 . . . . . . . . 4 . . . . . . . 3 Parts Lost 54 | . . 2 . . . 1 . 8 . . . . . . . 1 . . . 2 . . . 5 . 9 2 3 . 2 1 18 Power 6 | . . . . . . . . . . . . . . . . . . . . . . . . . . 2 . 1 . 1 . 2 Propulsion 15 | . . 1 . . . 1 . 6 . . . . . . . . . . . . . . . . . 2 . . . . 1 4 Utility 14 | . . 1 . . . . . 1 . . . . . . . 1 . . . 1 . . . . . 3 1 1 . 1 . 4 Weapon 19 | . . . . . . . . 1 . . . . . . . . . . . 1 . . . 5 . 2 1 1 . . . 8 Highest Loss Streak 7 | . . 2 . . . 1 . 3 . . . . . . . 1 . . . 2 . . . 2 . 6 2 2 . 1 1 7 To Critical Strikes . | . . . . . . . . . . . . . . . . . . . . . . . . . . . . . . . . . Average Backups 19 | 5 11 14 13 8 12 16 20 21 19 19 22 22 21 20 21 21 21 21 22 21 22 22 22 23 24 23 23 23 23 23 23 17 Power . | . . . . 1 1 1 1 . . . 1 1 1 1 1 1 1 1 1 1 1 1 1 1 1 . . . . . . . Propulsion 2 | 3 3 3 2 . 1 2 2 1 2 1 2 3 3 2 1 1 2 2 2 1 2 3 3 2 2 1 1 2 2 1 . 2 Utility 9 | . 1 2 3 2 2 4 5 8 7 6 7 6 5 7 10 10 11 11 11 11 12 10 10 13 16 16 16 15 17 16 17 9 Weapon 5 | 1 4 7 6 5 6 6 10 9 8 8 9 10 11 8 6 7 5 5 5 6 4 5 6 4 3 3 3 3 2 3 3 3 Tool/Special . | . . . . . . . . . . . . . . . . . . . . . . . . . . . . . . . . . Unused Backups 82 | . 6 . 8 . 11 . . 6 . 1 . . . 7 3 3 . . . 3 7 . 1 6 . 4 1 1 . 4 . 10 Power 6 | . 1 . 3 . 1 . . . . . . . . 1 . . . . . . . . . . . . . . . . . . Propulsion 27 | . 4 . . . 1 . . . . . . . . 4 . 2 . . . 2 6 . 1 . . . . . . . . 7 Utility 31 | . 1 . 4 . 1 . . 6 . 1 . . . 1 2 1 . . . . 1 . . 6 . 3 . 1 . 2 . 1 Weapon 17 | . . . 1 . 8 . . . . . . . . 1 . . . . . 1 . . . . . 1 1 . . 2 . 2 Tool/Special 1 | . . . . . . . . . . . . . . . 1 . . . . . . . . . . . . . . . . . Average Slot Usage (%) 85 | . 100 99 98 100 99 99 93 78 61 66 69 73 70 71 75 79 79 84 84 83 83 83 84 85 83 80 81 86 92 93 95 87 Engine 1 | . 13 14 10 . . . . . . . . . . . . . . . . . . . . . . . . . . . . . Core 1 | . . . . . . . . 6 7 7 6 6 6 . . . . . . . 3 1 . . . . . . . . . . Reactor 3 | . . . 3 14 9 9 7 . . . . . . 5 5 5 5 5 5 5 1 3 4 4 4 3 4 4 6 7 8 6 Treads 11 | . 28 28 28 28 11 . . 7 15 15 13 13 13 12 11 11 10 10 10 5 2 10 9 9 8 4 7 9 5 . 1 2 Wheel 3 | . . . . . 6 17 29 15 . . . . . . . . . . . 4 7 . . . . 6 1 . 8 16 14 10 Device 10 | . 6 . 6 14 13 8 7 3 6 6 6 6 3 9 14 20 26 26 26 17 7 13 14 13 15 13 8 9 8 7 5 9 Storage 7 | . 14 14 14 14 9 9 7 7 7 7 10 6 6 6 5 5 5 5 5 8 5 5 4 4 4 4 4 4 4 4 4 5 Processor 3 | . . . . . 4 9 1 . . . 4 6 6 6 10 6 5 5 5 6 10 5 4 4 4 4 4 4 4 4 4 1 Hackware 11 | . . . . . . . . 3 . . . 5 6 2 1 . . 4 5 6 18 14 22 23 24 28 31 32 36 34 38 34 Protection 1 | . 7 13 7 . . . . . . . . . . . . . . . . 1 . . . . . . . . . . . . Energy Gun 1 | . 7 11 4 . 3 . . . . . . . . . . . . . . . . . . . . . . . . . . . Ballistic Gun 15 | . 20 16 17 27 41 40 37 25 5 2 13 7 13 8 . 11 24 21 25 22 13 12 9 15 17 3 11 13 12 12 12 9 Ballistic Cannon 6 | . . . . . . . . 4 15 22 6 6 6 11 18 12 . . . . 8 9 9 2 . 6 2 2 . . 3 4 Special Weapon 1 | . . . . . . . . . . 1 2 6 6 . 3 . 1 4 . . 2 2 3 . . 1 4 2 4 4 3 2 Peak Build Rating 195 | 7 13 18 43 42 56 62 54 97 97 99 96 96 93 115 126 125 135 132 131 130 120 125 130 135 141 143 138 145 152 155 155 195 Average Rating 97 | 5 11 13 25 33 52 51 53 70 96 94 93 93 90 103 121 119 130 127 129 113 107 120 129 130 137 134 130 138 146 150 147 164 On Entrance 96 | . 7 13 15 42 33 48 52 54 97 92 87 96 94 88 112 123 125 131 127 130 104 120 123 130 133 141 137 129 139 149 153 146 Avg Prop Armor Cover (%) 9 | . . . . . . . . 13 . . . . . . . . . . 10 11 . . . . . 10 11 . . . 5 5 Naked Turns 11 | . . . . . . . . . . . . . . . . . . . . . . . . . . . . . . . . 11 Heaviest Build 232 | 12 40 40 48 45 111 107 170 219 221 219 207 206 201 231 232 227 208 208 201 209 203 195 193 201 191 213 202 205 211 208 206 221 Greatest Support 155 | 40 43 43 46 46 46 32 64 150 150 150 150 150 150 150 150 150 150 145 145 140 150 150 150 150 145 145 150 150 131 64 64 155 Greatest Overweight (x) 10 | . . . 1 . 10 6 2 6 1 1 1 1 1 1 1 1 1 1 2 3 3 1 1 1 1 6 6 1 4 3 4 6 Average Overweight (x) 1 | . . . . . 2 3 1 2 1 1 1 1 1 1 1 1 1 1 1 2 2 1 1 1 1 4 2 1 2 2 3 2 Largest Inventory Capacity 30 | 8 15 15 15 15 25 25 30 30 30 30 30 30 30 30 30 30 30 30 30 30 30 30 30 30 30 30 30 30 30 30 30 30 Average Capacity 26 | 7 11 15 15 15 20 25 28 30 30 30 30 30 30 30 30 30 30 30 30 30 30 30 30 30 30 30 30 30 30 30 30 29 Most Carried 30 | 8 15 15 15 15 25 25 30 30 30 30 30 30 30 30 30 30 30 30 30 30 30 30 30 30 30 30 30 30 30 30 30 30 Average Carried 26 | 5 11 14 13 15 19 24 28 29 30 29 29 30 29 29 29 29 29 29 29 29 29 29 29 29 29 29 29 29 29 29 29 23 Final Capacity 30 | 8 15 15 15 15 25 25 30 30 30 30 30 30 30 30 30 30 30 30 30 30 30 30 30 30 30 30 30 30 30 30 30 5 Final Carried 30 | 8 15 14 15 15 25 25 30 30 30 30 30 30 30 30 30 30 29 30 30 30 30 30 30 30 30 29 30 30 30 30 28 5 Class Distribution -------------------- 21% | Botlord-Gunner 21% | Botlord-Tank 16% | Mutant 15% | Hauler-Tank 7% | Gunner 5% | Bothacker-Gunner 3% | Bothacker-Tank 3% | Scavenger-Tank Dominant Class ---------------- Mutant | -10/Materials Mutant | -10/Mines Mutant | -10/Exiles Mutant | -9/Mines Gunner | -8/Materials Gunner | -8/Garrison Hauler-Gunner | -7/Factory Hauler-Tank | -7/Garrison Hauler-Tank | -7/Factory Hauler-Tank | -7/Garrison Hauler-Tank | -6/Factory Hauler-Tank | -6/Waste Hauler-Tank | -6/Factory Bothacker-Tank | -6/Garrison Bothacker-Gunner | -5/Factory Bothacker-Gunner | -5/Garrison Botlord-Tank | -4/Factory Botlord-Tank | -4/Waste Botlord-Tank | -4/Factory Botlord-Gunner | -4/Garrison Botlord-Gunner | -4/Factory Botlord-Tank | -4/Garrison Botlord-Tank | -3/Research Hauler-Tank | -3/Garrison Scavenger-Tank | -2/Research Botlord-Tank | -2/Garrison Botlord-Tank | -2/Research Botlord-Tank | -2/Garrison Botlord-Gunner | -1/Access Botlord-Gunner | -1/Garrison Botlord-Gunner | -1/Access Botlord-Tank | -1/Command Resources | -11 -10 -10 -10 -9 -8 -8 -7 -7 -7 -7 -6 -6 -6 -6 -5 -5 -4 -4 -4 -4 -4 -4 -3 -3 -2 -2 -2 -2 -1 -1 -1 -1 ----------- Run | Yrd Mat Min Exi Min Mat Gar Fac Gar Fac Gar Fac Was Fac Gar Fac Gar Fac Was Fac Gar Fac Gar Res Gar Res Gar Res Gar Acc Gar Acc Com Matter Collected 29512 | 349 612 230 826 55 1415 1302 664 1448 56 2465 . . . 1354 898 2040 547 . 228 1299 1143 1410 288 2169 101 2033 326 1678 254 792 531 2999 Remotely 4187 | . . . . . . . . . . . . . . . . 770 432 . . . 160 100 201 579 . 138 266 . . . 176 1365 Salvage Created 27888 | 186 1036 185 495 43 1502 1404 679 1620 18 1391 . . . 1620 742 1748 575 . 276 2203 1279 1660 224 1784 110 2175 133 1448 535 758 738 1321 Parts 1324 | 21 58 18 20 12 94 79 24 86 2 59 . . . 78 35 65 28 . 19 83 69 57 8 92 7 87 6 58 11 39 30 79 Haulers Intercepted 9 | . 2 . . . 5 . . . . . . . . . . . 1 . . . 1 . . . . . . . . . . . Recyclers Shooed 10 | . . . . . . . . . . . . . . . 3 . 1 . . . 1 . . . . . . . . . . 5 Parts Field Recycled . | . . . . . . . . . . . . . . . . . . . . . . . . . . . . . . . . . Retrieved Matter . | . . . . . . . . . . . . . . . . . . . . . . . . . . . . . . . . . Parts Self-Destructed . | . . . . . . . . . . . . . . . . . . . . . . . . . . . . . . . . . Prevented . | . . . . . . . . . . . . . . . . . . . . . . . . . . . . . . . . . Parts Restored . | . . . . . . . . . . . . . . . . . . . . . . . . . . . . . . . . . Kills | -11 -10 -10 -10 -9 -8 -8 -7 -7 -7 -7 -6 -6 -6 -6 -5 -5 -4 -4 -4 -4 -4 -4 -3 -3 -2 -2 -2 -2 -1 -1 -1 -1 ------- Run | Yrd Mat Min Exi Min Mat Gar Fac Gar Fac Gar Fac Was Fac Gar Fac Gar Fac Was Fac Gar Fac Gar Res Gar Res Gar Res Gar Acc Gar Acc Com Combat Hostiles Destroyed 393 | . 19 9 6 1 24 22 10 27 3 37 . . . 19 15 33 5 . 8 19 14 19 2 23 3 21 2 17 3 9 10 13 Melee 2 | . . . 1 . . . . . . 1 . . . . . . . . . . . . . . . . . . . . . . Guns 233 | . 19 9 5 1 24 22 10 22 . 1 . . . 7 . 10 5 . 3 18 10 10 2 13 2 3 2 12 1 6 7 9 Cannons 134 | . . . . . . . . 1 . 35 . . . 10 10 19 . . . 1 4 9 . 9 1 18 . 5 2 3 3 4 AOE 21 | . . . . . . . . 4 3 . . . . 2 3 4 . . 5 . . . . . . . . . . . . . Classes Destroyed 21 | 2 6 . 3 . 4 2 . . . 1 . . . 1 . . . . . 1 . 1 . . . . . . . . . . Worker 17 | . 1 1 . . 3 . 1 . . . . . . . 3 . 2 . . . 5 . . . . . . . . . . 1 Builder 7 | . 2 . . . 1 . . . . . . . . . 2 . . . . . 1 . . . . . 1 . . . . . Tunneler 11 | 6 . . . 3 2 . . . . . . . . . . . . . . . . . . . . . . . . . . . Hauler 9 | . 2 . . . 5 . . . . . . . . . . . 1 . . . 1 . . . . . . . . . . . Recycler 17 | 1 2 . . . 2 . 1 . . . . . . . 2 . . . . . 3 . 1 . . . . . 1 . . 4 Operator 5 | . . . . . 1 . 1 . 1 . . . . . . . . . . . 1 . . . . . . . . . . 1 Turret 1 | . . . 1 . . . . . . . . . . . . . . . . . . . . . . . . . . . . . Watcher 11 | . 3 . . . 2 1 . . . . . . . . 1 1 . . . . . . . . . 3 . . . . . . Swarmer 72 | . 3 6 . 1 7 . . 12 2 1 . . . 3 4 10 . . 5 . 3 1 . 2 3 6 . 1 . 1 . 1 Cutter 5 | . . . . . . . . . . . . . . . . . . . . . . 1 . 3 . 1 . . . . . . Grunt 130 | . 16 3 . . 8 8 8 10 . 18 . . . 3 2 9 3 . . 11 1 5 . 6 . 11 . 3 3 2 . . Brawler 9 | . . . . . 1 . 1 . . 1 . . . 1 . 3 . . . . . . . . . 1 . . 1 . . . Duelist 9 | . . . . . . 2 1 . . . . . . . . 3 . . . . . . . . . . . . . 2 1 . Sentry 56 | . . . . . 6 8 . 2 . 8 . . . 4 2 5 . . 1 6 1 7 . 2 . 1 1 . . 1 . 1 Specialist 5 | . . . . . . . . . . 1 . . . . . . . . . . 1 1 . 1 . 1 . . . . . . Hunter 26 | . . . . . 2 . . . . 2 . . . 4 2 1 . . . 1 . . . 4 . 2 1 1 1 1 1 3 Programmer 79 | . . . . . . 4 . 3 1 6 . . . 2 5 2 3 . 2 1 8 4 2 4 . 3 . 10 . 3 8 8 Behemoth 8 | . . . . . . . . . . . . . . . . . . . . 1 . 1 . 1 . 1 . 2 . 1 1 . Combat Programmer 1 | . . . . . . . . . . . . . . . . . . . . . . . . . . . . . . . . 1 Executioner 3 | . . . . . . . . . . . . . . 2 . . . . . . . . . 1 . . . . . . . . Zionite 6 | . . . 6 . . . . . . . . . . . . . . . . . . . . . . . . . . . . . Assembled 5 | . . . 5 . . . . . . . . . . . . . . . . . . . . . . . . . . . . . Best Kill Streak 11 | 2 6 4 4 3 5 11 5 8 2 11 . . . 5 8 9 4 . 5 6 4 4 1 4 3 5 2 2 1 2 5 3 Combat Bots Only 11 | . 5 3 4 1 4 10 5 8 2 11 . . . 5 4 9 2 . 5 6 4 4 1 4 3 5 1 2 1 2 5 2 Max Kills in Single Turn 4 | 1 2 1 2 1 2 2 2 2 1 2 . . . 2 3 2 2 . 4 2 2 2 1 2 2 3 1 1 2 1 1 2 Gunslinging 1 | . 1 . . . 1 1 . 1 . . . . . . . . . . . . . . . . . . . . . . . . Exploded 4 | . . . . . . . . 2 1 . . . . 2 2 2 . . 4 . . . . . . . . . . . . . Melee 1 | . . . 1 . . . . . . 1 . . . . . . . . . . . . . . . . . . . . . . Uniques/NPCs Destroyed 5 | . . . 4 . . . . . . . . . . . . . . . . . . . . . . . . . . . . 1 EX-DEC (-10/Exiles) EX-HEX (-10/Exiles) EX-BIN (-10/Exiles) 8R-AWN (-10/Exiles) MAIN.C Shell (-1/Command) Combat | -11 -10 -10 -10 -9 -8 -8 -7 -7 -7 -7 -6 -6 -6 -6 -5 -5 -4 -4 -4 -4 -4 -4 -3 -3 -2 -2 -2 -2 -1 -1 -1 -1 -------- Run | Yrd Mat Min Exi Min Mat Gar Fac Gar Fac Gar Fac Was Fac Gar Fac Gar Fac Was Fac Gar Fac Gar Res Gar Res Gar Res Gar Acc Gar Acc Com Hostile Shots Fired 1947 | . 79 44 22 5 43 40 30 165 9 251 . . 1 150 80 110 18 . 21 54 44 70 12 140 13 142 32 77 11 69 29 186 Missed 564 | . 19 9 7 1 11 8 11 51 1 86 . . 1 37 24 33 8 . 8 17 16 18 4 44 4 31 7 22 5 19 6 56 Hits 1383 | . 60 35 15 4 32 32 19 114 8 165 . . . 113 56 77 10 . 13 37 28 52 8 96 9 111 25 55 6 50 23 130 Melee 10 | . . . . . . . 2 . . . . . . . . 1 . . . . . . . 2 . 3 . . . 1 1 . Projectile 1373 | . 60 35 15 4 32 32 17 114 8 165 . . . 113 56 76 10 . 13 37 28 52 8 94 9 108 25 55 6 49 22 130 AOE 7 | . . . . . . . . . . . . . . . . . . . . . . . . 4 . 2 . . . . . 1 Critical Strikes 65 | . . . 1 . 2 2 2 . . 7 . . . 2 3 2 . . . 1 1 2 2 7 . 7 2 5 . 3 3 11 Actively Blocked 38 | . . . . . . . . . . . . . . . . . . . . . . . 2 7 . 7 2 5 . 3 3 9 Part Disruptions 12 | . . . 1 . . . . . . . . . . . 2 . . . 1 . . 1 . . . . . 1 . . 2 4 Damage Taken 28885 | . 708 328 219 32 437 482 301 1480 218 1988 . . . 1750 954 1550 429 26 395 822 734 993 188 2605 199 3478 544 1464 174 1065 662 4660 Core 3790 | . 104 14 54 7 65 49 46 229 . 114 . . . 195 47 147 18 13 . 117 116 93 22 400 21 409 73 84 . 61 . 1292 Absorbed by Shields 486 | . . . . . . 8 . . . . . . . . 29 21 . . . . . . . . . 12 . . . . . 416 Reduced by Siege Mode 58 | . . . . . . . . . . . . . . . . . . . . . . . . 58 . . . . . . . . Redirected to Shielding 9 | . . . . . . . . . . . . . . . . . . . . 9 . . . . . . . . . . . . Ignored by Resistances 55 | . . . . . . . . . . . . . . . . . . . . . . . . . . . . . . . . 55 Regen/Repaired (Parts) 1803 | . . . . . . . . 172 . 89 . . . . 123 933 . . . . . . . . . . . . 6 249 39 192 Core Remaining (%) 66 | 100 . . . 28 . 79 . . . 44 . . . 77 . 80 . . . . . 68 . 67 . . . 59 . . . . Volleys Fired 1586 | 20 68 26 91 7 53 53 26 64 9 87 1 5 9 43 64 105 22 6 7 50 54 68 15 64 4 99 19 142 25 77 28 175 Largest 5 | 2 2 2 2 2 5 5 5 5 3 4 1 1 1 4 3 5 5 1 5 5 5 5 5 5 5 5 3 5 4 4 5 5 Hottest 283 | 60 130 130 130 46 283 125 134 168 168 211 5 105 70 232 178 225 158 10 158 241 211 212 212 274 229 278 128 274 225 210 238 219 Shots Fired 3950 | 40 136 52 121 14 258 210 122 244 13 199 1 5 9 102 96 228 82 7 24 169 148 177 48 232 19 186 34 297 47 149 83 398 Gun 2613 | 40 136 52 121 14 258 208 120 222 2 36 . . . 54 . 117 75 1 22 145 78 89 24 162 16 37 20 164 23 78 53 246 Cannon 902 | . . . . . . 2 . 11 4 134 . 2 1 46 82 90 1 . . 12 43 63 18 61 3 109 6 65 8 45 18 78 Launcher 18 | . . . . . . . . 3 3 . . . . 2 2 6 . . 2 . . . . . . . . . . . . . Special 417 | . . . . . . . 2 8 4 29 1 3 8 . 12 15 6 6 . 12 27 25 6 9 . 40 8 68 16 26 12 74 Kinetic 3234 | 29 114 40 102 14 225 208 120 233 6 170 . . 1 100 64 204 75 1 22 145 121 152 42 194 16 122 26 200 23 78 68 319 Thermal 358 | 11 22 12 19 . 33 2 . . . . . 2 . . 18 14 1 . . 12 . . . 29 . 20 . 67 8 45 3 40 Explosive 18 | . . . . . . . . 3 3 . . . . 2 2 6 . . 2 . . . . . . . . . . . . . Electromagnetic 7 | . . . . . . . . . . . . . . . . . . . . . . . . . 3 4 . . . . . . Robot Hit Streak 31 | 6 8 11 8 11 11 12 8 14 4 17 1 4 6 11 18 26 31 6 4 12 13 16 10 12 5 16 15 26 10 13 15 19 Robot Miss Streak 8 | 3 7 7 8 4 7 5 6 6 3 3 . . 1 4 2 5 4 1 1 4 3 2 2 3 5 4 2 5 2 5 3 5 Penetration Max 2 | . . . . . . 1 1 1 . 1 . . . 1 . 1 1 . . 1 1 1 1 1 2 1 . 1 1 1 1 1 Secondary Targets 27 | . 2 2 . . 4 5 2 9 . . . . . . . . 1 . . 2 . . . . . . . . . . . . Max Gunslinging Chain 2 | . 1 1 . . 1 2 1 2 . . . . . . . . 1 . . 1 . . . . . . . . . . . . Shots Hit Robots 2453 | 24 91 33 96 6 138 129 64 162 5 124 1 3 7 82 54 126 36 6 12 120 90 125 29 152 5 121 23 169 33 76 49 262 Core Hits 1060 | 8 53 23 39 4 69 48 25 67 4 48 . . . 51 25 73 15 . 10 63 42 50 8 64 8 51 7 56 11 25 20 93 Critical Kills 39 | . . . 2 . . . . 1 . 2 . . . 5 . 2 4 . 2 6 2 1 . 4 . . . . . . 5 3 Critical Parts Destroyed 58 | . . . 6 . 2 3 1 1 . 2 . . . 4 . 5 8 . 5 6 1 . 1 . . . . 2 1 1 1 8 Critical Strikes 169 | . . . 15 . 2 5 1 5 . 18 . . . 11 2 10 12 . 7 17 6 14 1 8 . 9 . 3 1 1 7 14 Meltdown 1 | . . . . . . . . . . . . . . . . . . . . . . . . 1 . . . . . . . . Destroy 108 | . . . 15 . 2 3 1 2 . 4 . . . 9 . 7 12 . 7 13 3 2 1 4 . . . 3 1 1 7 11 Blast 38 | . . . . . . . . . . 14 . . . 2 2 3 . . . . 1 4 . 1 . 8 . . . . . 3 Sever 5 | . . . . . . 2 . 3 . . . . . . . . . . . . . . . . . . . . . . . . Impale 17 | . . . . . . . . . . . . . . . . . . . . 4 2 8 . 2 . 1 . . . . . . Melee Attacks 285 | . . . 24 . . 44 . 34 . 8 . . . 31 . . . . . 51 14 24 . 27 . 28 . . . . . . Impact . | . . . . . . . . . . . . . . . . . . . . . . . . . . . . . . . . . Slashing 130 | . . . 20 . . 37 . 34 . 8 . . . 31 . . . . . . . . . . . . . . . . . . Piercing 144 | . . . . . . . . . . . . . . . . . . . . 51 14 24 . 27 . 28 . . . . . . Sneak Attacks 18 | . . . 4 . . 7 . . . . . . . . . . . . . . 7 . . . . . . . . . . . Combat Hostiles . | . . . . . . . . . . . . . . . . . . . . . . . . . . . . . . . . . Follow-up Attacks . | . . . . . . . . . . . . . . . . . . . . . . . . . . . . . . . . . Damage Inflicted 74148 | 281 1409 470 2097 95 2267 3377 1233 5006 598 5459 31 . . 3554 3219 5183 954 . 569 3713 2523 4204 814 4994 251 5543 440 4135 590 2074 1639 7426 Guns 36167 | 281 1377 457 964 95 2267 2025 1233 2818 . 422 . . . 759 . 1775 954 . 284 2100 1323 1668 524 2744 216 689 243 2443 420 1615 1173 5298 Cannons 24034 | . . . . . . . . 295 65 4863 . . . 1522 2935 2783 . . . 237 653 1305 290 1407 35 3319 197 1253 170 459 466 1780 Explosions 2209 | . . . . . . . . 407 533 . . . . 194 273 518 . . 284 . . . . . . . . . . . . . Melee 10756 | . . . 1133 . . 1352 . 1486 . 174 . . . 1079 . . . . . 1376 547 1231 . 843 . 1535 . . . . . . Ramming 88 | . 32 13 . . . . . . . . 31 . . . 11 . . . 1 . . . . . . . . . . . . . Kinetic 56007 | 213 1151 346 786 95 2055 2025 1233 3113 65 5285 . . . 2281 2263 4480 954 . 284 2100 1976 2973 814 3500 216 3553 440 3159 420 1615 1639 6973 Thermal 5232 | 68 226 111 178 . 212 . . . 282 . . . . . 672 185 . . . 237 . . . 651 . 352 . 976 170 459 . 453 Explosive 1927 | . . . . . . . . 407 251 . . . . 194 273 518 . . 284 . . . . . . . . . . . . . Electromagnetic 138 | . . . . . . . . . . . . . . . . . . . . . . . . . 35 103 . . . . . . Impact . | . . . . . . . . . . . . . . . . . . . . . . . . . . . . . . . . . Slashing 5224 | . . . 1133 . . 1352 . 1486 . 174 . . . 1079 . . . . . . . . . . . . . . . . . . Piercing 5532 | . . . . . . . . . . . . . . . . . . . . 1376 547 1231 . 843 . 1535 . . . . . . Highest Corruption 18 | . . . . . 2 4 . 4 4 8 . 8 8 1 17 4 3 18 18 14 2 2 1 5 . 1 1 14 . 3 9 16 Average Corruption 4 | . . . . . 2 3 . 3 4 6 . 5 6 1 7 2 2 14 17 1 1 2 1 2 . 1 1 7 . 2 7 8 Corruption Purged 53 | . . . . . . . . . . . . . 8 . 17 4 . . 4 13 . . . . . . . . . . . 7 Corruption Blocked . | . . . . . . . . . . . . . . . . . . . . . . . . . . . . . . . . . Effects 541 | . . . . . 24 13 . 31 8 88 . 5 5 7 22 4 5 10 25 23 30 22 1 41 . 8 2 56 . 21 18 72 Message Errors 125 | . . . . . 8 2 . 4 2 22 . 1 1 2 4 . . 2 4 9 5 7 1 12 . 4 . 12 . 5 5 13 Matter Fused 107 | . . . . . 9 3 . 5 . 18 . . 2 1 6 . . 2 5 4 7 3 . 10 . 1 1 10 . 4 3 13 Heat Flow Errors 64 | . . . . . 1 2 . 5 1 13 . 2 . 1 2 . . 1 3 2 3 3 . 7 . . . 7 . 2 . 9 Energy Discharges 70 | . . . . . 2 4 . 6 1 7 . 1 . 1 5 2 1 . 5 1 7 1 . 2 . 1 . 7 . 5 3 8 Parts Rejected 5 | . . . . . . . . . 1 . . . . . . . . 1 . . . . . . . . . 1 . . . 2 Parts Fused 9 | . . . . . . . . 2 . 2 . . . . 1 . . . 1 1 1 . . . . . . . . 1 . . Data Loss (minor) 69 | . . . . . 1 2 . 3 2 9 . 1 2 . 1 1 3 1 3 3 3 5 . 9 . . . 9 . 2 3 6 Data Loss (major) 28 | . . . . . 2 . . 3 . 8 . . . 1 1 . . . 1 1 1 1 . . . 1 1 2 . . 1 4 Misfires 25 | . . . . . . . . 2 . 5 . . . . . . . 1 . 1 2 . . 1 . . . 7 . 2 1 3 Alerts 11 | . . . . . 1 . . 1 1 2 . . . 1 . . 1 . . . 1 . . . . . . . . . 1 2 Misdirections 3 | . . . . . . . . . . . . . . . . . . 2 . . . . . . . . . . . . . 1 Weapon Failures 25 | . . . . . . . . . . 2 . . . . 2 1 . . 3 1 . 2 . . . 1 . 1 . . 1 11 Overload Shots . | . . . . . . . . . . . . . . . . . . . . . . . . . . . . . . . . . Overflow Damage 2427 | . . . 224 . . 271 . 106 130 405 . . . 41 395 123 . . 18 48 5 177 15 75 . 245 . 58 . 39 6 46 Projectiles 1510 | . . . . . . . . 66 30 387 . . . 41 395 123 . . . . 5 51 15 45 . 203 . 58 . 39 6 46 Explosions 118 | . . . . . . . . . 100 . . . . . . . . . 18 . . . . . . . . . . . . . Melee 799 | . . . 224 . . 271 . 40 . 18 . . . . . . . . . 48 . 126 . 30 . 42 . . . . . . Knockbacks 94 | . . . . . . . . 1 . 14 1 . . 9 14 6 . . . . 5 6 3 2 . 12 . 7 . . 2 12 Impact 1 | . . . . . . . . . . . 1 . . . . . . . . . . . . . . . . . . . . . Kinetic 88 | . . . . . . . . 1 . 14 . . . 8 13 6 . . . . 5 5 2 2 . 11 . 7 . . 2 12 Secondary 5 | . . . . . . . . . . . . . . 1 1 . . . . . . 1 1 . . 1 . . . . . . Self-Inflicted Damage 159 | . . . . . . . . . 100 . . . . 59 . . . . . . . . . . . . . . . . . . Shots 3 | . . . . . . . . . 1 . . . . 2 . . . . . . . . . . . . . . . . . . Rammed 11 | . 3 3 . . . . . . . . 1 . . . 3 . . . 1 . . . . . . . . . . . . . Targets Rammed 12 | . 4 3 . . . . . . . . 1 . . . 3 . . . 1 . . . . . . . . . . . . . Kicked . | . . . . . . . . . . . . . . . . . . . . . . . . . . . . . . . . . Crushed 1 | . 1 . . . . . . . . . . . . . . . . . . . . . . . . . . . . . . . Highest Temperature 757 | . 327 366 275 . 185 372 60 406 134 229 . 284 20 160 254 100 7 79 169 223 443 268 84 227 30 279 . 205 78 333 236 757 Average Temperature 75 | . 68 125 64 . 56 100 16 109 55 49 . 116 10 62 36 25 7 41 60 59 97 36 27 52 18 58 . 53 31 55 86 133 Received Heat Transfer 3805 | . 360 102 40 . 153 144 162 336 . 648 . . . 123 63 144 . . 18 180 436 171 . 150 . 345 9 135 9 27 . 50 Effects 19 | . . 1 . . . . . 1 . . . 3 . . . . . . . . . . . . . 3 . . . . 1 10 Energy Bleed 5 | . . 1 . . . . . 1 . . . 1 . . . . . . . . . . . . . . . . . . . 2 Interference 11 | . . . . . . . . . . . . 2 . . . . . . . . . . . . . 3 . . . . 1 5 Short Circuit 1 | . . . . . . . . . . . . . . . . . . . . . . . . . . . . . . . . 1 Damage (major) 1 | . . . . . . . . . . . . . . . . . . . . . . . . . . . . . . . . 1 Damage (core) 1 | . . . . . . . . . . . . . . . . . . . . . . . . . . . . . . . . 1 Siege Activations 2 | . . . . . . . . . . . . . . . . . . . . . . . . 2 . . . . . . . . Total Turns 49 | . . . . . . . . . . . . . . . . . . . . . . . . 49 . . . . . . . . Longest Duration 35 | . . . . . . . . . . . . . . . . . . . . . . . . 35 . . . . . . . . Martial Activations . | . . . . . . . . . . . . . . . . . . . . . . . . . . . . . . . . . Shielding Activations . | . . . . . . . . . . . . . . . . . . . . . . . . . . . . . . . . . Robots Disrupted . | . . . . . . . . . . . . . . . . . . . . . . . . . . . . . . . . . Combat Hostiles . | . . . . . . . . . . . . . . . . . . . . . . . . . . . . . . . . . Robots Corrupted . | . . . . . . . . . . . . . . . . . . . . . . . . . . . . . . . . . Combat Hostiles . | . . . . . . . . . . . . . . . . . . . . . . . . . . . . . . . . . Parts Fried . | . . . . . . . . . . . . . . . . . . . . . . . . . . . . . . . . . Impact Corruptions 1 | . . . . . . . . . . . . . . . . . . . . . . 1 . . . . . . . . . . Robots Melted 4 | . . . . . . . . . . . . . . . 3 . . . . . . . . 1 . . . . . . . . Combat Hostiles 3 | . . . . . . . . . . . . . . . 2 . . . . . . . . 1 . . . . . . . . Parts Melted 16 | . . . . . . . . . . 1 . . . . 8 . . . . 1 . 1 . 3 . . . . 1 . . 1 Heat Transferred 6670 | 150 285 145 225 . 265 . . . 150 . . . . . 1440 444 . . . 222 . . . 555 . 296 . 1646 148 351 . 348 Parts Sabotaged . | . . . . . . . . . . . . . . . . . . . . . . . . . . . . . . . . . Parts Stolen . | . . . . . . . . . . . . . . . . . . . . . . . . . . . . . . . . . Parts Stripped . | . . . . . . . . . . . . . . . . . . . . . . . . . . . . . . . . . Power Chain Reactions 2 | . . . . . . . . . . . . . . . 2 . . . . . . . . . . . . . . . . . Alert | -11 -10 -10 -10 -9 -8 -8 -7 -7 -7 -7 -6 -6 -6 -6 -5 -5 -4 -4 -4 -4 -4 -4 -3 -3 -2 -2 -2 -2 -1 -1 -1 -1 ------- Run | Yrd Mat Min Exi Min Mat Gar Fac Gar Fac Gar Fac Was Fac Gar Fac Gar Fac Was Fac Gar Fac Gar Res Gar Res Gar Res Gar Acc Gar Acc Com Maximum Alert Level 5 | . 1 . . . 1 3 2 4 3 5 5 2 1 3 2 4 2 . . 3 2 3 2 4 2 5 3 3 2 3 2 1 Low Security (%) 28 | 100 87 100 . 100 67 14 . . . . . . 75 28 65 19 . 100 100 19 . . 74 31 . . . . . . . 64 Level 1 15 | . 12 . . . 32 6 14 4 . . . . 24 29 14 8 . . . 16 77 20 19 12 . . . . . 33 . 35 Level 2 24 | . . . . . . 31 85 11 . 12 . 100 . 24 20 28 100 . . 23 22 45 5 32 100 21 52 54 100 46 100 . Level 3 18 | . . . . . . 46 . 27 99 13 . . . 18 . 42 . . . 40 . 33 . 21 . 37 47 45 . 19 . . Level 4 8 | . . . . . . . . 55 . 27 73 . . . . 1 . . . . . . . 1 . 39 . . . . . . Level 5 4 | . . . . . . . . . . 45 26 . . . . . . . . . . . . . . 2 . . . . . . High Security . | . . . . . . . . . . . . . . . . . . . . . . . . . . . . . . . . . Max Security . | . . . . . . . . . . . . . . . . . . . . . . . . . . . . . . . . . Peak Influence 3137 | 5 251 155 . 38 296 877 587 1489 829 3137 1646 513 291 1071 562 1128 648 182 91 1095 580 951 534 1153 648 1607 903 1006 603 882 663 399 Initial 1646 | . . 85 . . 6 171 459 392 781 525 1646 513 290 . 562 74 592 182 50 . 574 284 534 47 648 435 903 459 603 340 528 378 Average 575 | 1 86 27 . 5 169 571 475 1066 760 1680 1557 467 74 406 203 610 589 129 34 578 371 611 150 470 604 958 745 692 524 511 595 152 Influence Increases 19172 | 35 684 215 . 73 916 736 501 1207 195 2922 . 2 19 1091 433 1094 226 . 163 1135 859 787 68 1376 92 1422 80 817 123 822 470 609 Destroy 0b10 Robot/C 7735 | . 380 180 . 40 520 520 320 680 60 1195 . . . 285 225 540 75 . 120 390 270 285 30 420 45 330 30 270 45 135 150 195 Destroy 0b10 Robot/NC 619 | 35 50 5 . 15 80 30 15 30 5 14 . . . 36 32 24 16 . . 28 76 20 4 16 . 28 4 12 4 . 4 36 Destroy Leader 920 | . 80 30 . . 154 20 50 20 20 38 . . . . 66 32 20 . 24 32 74 24 8 32 8 40 . 32 8 24 24 60 Allied During Kill 1458 | . . . . 3 21 73 43 18 3 391 . . . . . 34 5 . . 122 76 64 6 120 21 123 16 16 42 82 91 88 Successful Hack 388 | . 51 . . . 61 26 26 14 8 14 . . 18 9 4 11 4 . 3 23 43 . . 11 15 11 . 22 . . . 14 Select Force Hacks 98 | . 60 . . . . . . . . . . . . . 38 . . . . . . . . . . . . . . . . . Disable Machine 612 | . 15 . . . 45 15 45 . 60 . . . . . 12 36 48 . . 48 84 12 . . . . 12 24 12 36 60 48 Anti-Garrison Action 5004 | . . . . . . . . 350 . 1150 . . . 714 . 339 . . . 264 . 302 . 715 . 641 . 302 . 227 . . Destroy Structure 1996 | . 3 . . . 5 52 2 20 39 75 . 2 1 47 56 78 46 . 16 228 224 56 20 62 3 201 18 127 12 318 129 156 Partial Spotted 12 | . . . . . . . . . . . . . . . . . 12 . . . . . . . . . . . . . . . Lose Combat Pursuer 330 | . 45 . . 15 30 . . 75 . 45 . . . . . . . . . . 12 24 . . . 48 . 12 . . 12 12 Influence Decreases 19172 | 35 463 415 21 55 670 123 818 278 934 535 1671 1053 434 20 1397 73 834 448 235 40 1547 243 956 286 665 395 1074 424 703 366 760 1201 Entered New Map 9430 | . . 136 21 . 12 93 418 168 708 225 1491 953 125 . 509 33 536 338 22 . 521 123 417 16 505 145 704 154 403 86 354 214 Time Decay 5520 | 35 453 259 . 55 598 . 230 . 206 . 180 100 68 . 583 . 278 90 213 . 626 . 254 . 160 . 110 . 190 . 246 586 Lost Part 473 | . . 20 . . . 10 . 80 . . . . . . . 10 . . . 20 . . . 50 . 90 20 30 . 20 10 113 Lost Ally 2658 | . 10 . . . 60 20 20 30 20 310 . . . 20 30 30 20 20 . 20 250 120 10 220 . 160 240 240 110 260 150 288 Purge Threat 1091 | . . . . . . . 150 . . . . . 241 . 275 . . . . . 150 . 275 . . . . . . . . . Squads Dispatched 52 | . 3 . . . 2 . 6 . 1 . 1 . . . 6 . 3 . 1 . 8 . 2 . 3 . 1 . 5 . 5 5 Investigation 5 | . 2 . . . . . . . . . . . . . 1 . . . . . 1 . . . . . . . 1 . . . Extermination 17 | . . . . . . . . . 1 . . . . . 3 . . . 1 . 5 . 1 . 1 . . . 1 . 1 3 Reinforcement 16 | . 1 . . . 2 . 3 . . . . . . . 2 . 2 . . . 2 . 1 . . . 1 . . . . 2 Assault 7 | . . . . . . . 1 . . . 1 . . . . . 1 . . . . . . . . . . . 3 . 1 . Garrison 7 | . . . . . . . 2 . . . . . . . . . . . . . . . . . 2 . . . . . 3 . Intercept . | . . . . . . . . . . . . . . . . . . . . . . . . . . . . . . . . . Searches Triggered . | . . . . . . . . . . . . . . . . . . . . . . . . . . . . . . . . . Unchained Authorized 2 | . . . . . . . . . . . . . . . . . . . . . . . 1 . 1 . . . . . . . Construction Impeded 1 | . . . . . . . . . . . . . . . . . . . . . 1 . . . . . . . . . . . Haulers Reinforced 1 | . . . . . . . . . . . . . . . . . . . . . . . . . . . 1 . . . . . Active Scanning Responses . | . . . . . . . . . . . . . . . . . . . . . . . . . . . . . . . . . Cargo Convoy Interrupts 1 | . . . . . . . . . . . . . . . . . . . . . 1 . . . . . . . . . . . Alert ID Control Effect 128 | . . . . . . . . . . . . . . . . . . . . . 11 10 3 6 3 20 4 11 13 17 15 15 Stealth | -11 -10 -10 -10 -9 -8 -8 -7 -7 -7 -7 -6 -6 -6 -6 -5 -5 -4 -4 -4 -4 -4 -4 -3 -3 -2 -2 -2 -2 -1 -1 -1 -1 --------- Run | Yrd Mat Min Exi Min Mat Gar Fac Gar Fac Gar Fac Was Fac Gar Fac Gar Fac Was Fac Gar Fac Gar Res Gar Res Gar Res Gar Acc Gar Acc Com Distress Signals 20 | . . . . . 1 . . . . . . . . . 4 . 2 . . . 3 . . . . . . . 1 . 5 4 Communications Jammed 49 | . . . . . . . . . . . . . . . 20 . 13 . . . 14 . . . . 2 . . . . . . Distress Signals 49 | . . . . . . . . . . . . . . . 20 . 13 . . . 14 . . . . 2 . . . . . . Times Spotted 714 | . 32 8 19 2 38 28 16 42 4 58 . 2 4 19 27 35 12 5 8 25 38 32 6 36 7 44 13 28 10 49 23 44 Peak Tracking Total 11 | . 6 3 9 1 4 7 4 7 2 5 . . 3 4 4 4 3 2 5 3 7 6 2 8 4 11 5 4 6 8 7 6 Tactical Retreats 29 | . 2 . 10 1 2 . . 3 . 3 . . . . . . . . . . 1 1 . . . 3 . 1 . . 1 1 Traps | -11 -10 -10 -10 -9 -8 -8 -7 -7 -7 -7 -6 -6 -6 -6 -5 -5 -4 -4 -4 -4 -4 -4 -3 -3 -2 -2 -2 -2 -1 -1 -1 -1 ------- Run | Yrd Mat Min Exi Min Mat Gar Fac Gar Fac Gar Fac Was Fac Gar Fac Gar Fac Was Fac Gar Fac Gar Res Gar Res Gar Res Gar Acc Gar Acc Com Traps Triggered 82 | . . . . . . 2 . 2 . 9 1 . . 6 2 4 3 . 1 8 2 7 1 8 . 9 . 5 1 8 2 1 Indirectly . | . . . . . . . . . . . . . . . . . . . . . . . . . . . . . . . . . Trap Hack Attempts . | . . . . . . . . . . . . . . . . . . . . . . . . . . . . . . . . . Triggered . | . . . . . . . . . . . . . . . . . . . . . . . . . . . . . . . . . Disarmed . | . . . . . . . . . . . . . . . . . . . . . . . . . . . . . . . . . Reprogrammed . | . . . . . . . . . . . . . . . . . . . . . . . . . . . . . . . . . Reused . | . . . . . . . . . . . . . . . . . . . . . . . . . . . . . . . . . Traps Extracted . | . . . . . . . . . . . . . . . . . . . . . . . . . . . . . . . . . Installed . | . . . . . . . . . . . . . . . . . . . . . . . . . . . . . . . . . Triggered . | . . . . . . . . . . . . . . . . . . . . . . . . . . . . . . . . . Machines | -11 -10 -10 -10 -9 -8 -8 -7 -7 -7 -7 -6 -6 -6 -6 -5 -5 -4 -4 -4 -4 -4 -4 -3 -3 -2 -2 -2 -2 -1 -1 -1 -1 ---------- Run | Yrd Mat Min Exi Min Mat Gar Fac Gar Fac Gar Fac Was Fac Gar Fac Gar Fac Was Fac Gar Fac Gar Res Gar Res Gar Res Gar Acc Gar Acc Com Machines Disabled 102 | . 1 . 8 . 3 1 3 8 4 2 . . . 3 1 9 4 . . 7 7 5 . 6 . 7 1 5 1 7 5 4 Max in Single Turn 2 | . 1 . 1 . 1 1 1 2 2 1 . . . 1 1 2 2 . . 1 2 1 . 1 . 1 1 1 1 1 1 1 Garrison Access 1 | . . . . . . . . . . . . . . . . . . . . . . . . . . . . . 1 . . . Garrison Relay 35 | . . . . . . 1 . 4 . 1 . . . 2 . 3 . . . 3 . 4 . 5 . 5 . 3 . 4 . . Phase Generator 6 | . . . . . . . . 1 . 1 . . . 1 . 1 . . . . . . . 1 . 1 . . . . . . Machines Repaired . | . . . . . . . . . . . . . . . . . . . . . . . . . . . . . . . . . Machines Dismantled 12 | . . . . . . 1 . 1 . 1 . . . 1 . 1 . . . 1 . . . 1 . 2 . . . . 3 . Machines Sabotaged . | . . . . . . . . . . . . . . . . . . . . . . . . . . . . . . . . . Overloaded Fab Kills 2 | . . . . . . . . . . . . . . . 2 . . . . . . . . . . . . . . . . . Hacking | -11 -10 -10 -10 -9 -8 -8 -7 -7 -7 -7 -6 -6 -6 -6 -5 -5 -4 -4 -4 -4 -4 -4 -3 -3 -2 -2 -2 -2 -1 -1 -1 -1 --------- Run | Yrd Mat Min Exi Min Mat Gar Fac Gar Fac Gar Fac Was Fac Gar Fac Gar Fac Was Fac Gar Fac Gar Res Gar Res Gar Res Gar Acc Gar Acc Com Machines Accessed 90 | . 10 1 4 . 9 3 4 2 4 2 . . 4 2 6 1 1 . 3 3 11 1 1 2 2 3 1 3 2 . . 5 Terminals 52 | . 7 . . . 7 3 2 2 1 2 . . 2 2 1 1 . . . 3 6 1 . 2 . 3 . 3 . . . 4 Fabricators 3 | . . . . . . . . . . . . . . . 2 . . . . . . . . . . . . . 1 . . . Repair Stations 10 | . 1 . . . . . . . 1 . . . 1 . 1 . . . 1 . 3 . . . 1 . . . . . . 1 Recycling Units 5 | . 2 . . . . . . . . . . . . . 1 . . . 1 . 1 . . . . . . . . . . . Scanalyzers 4 | . . . . . 1 . 1 . 1 . . . . . . . 1 . . . . . . . . . . . . . . . Garrison Access 11 | . . . . . 1 . 1 . 1 . . . 1 . 1 . . . 1 . 1 . 1 . 1 . 1 . 1 . . . Total Hacks 184 | . 30 1 4 . 25 3 7 3 6 5 . . 9 3 11 1 6 . 5 5 23 2 2 3 4 6 1 5 2 . . 12 Successful 87 | . 15 1 4 . 15 2 5 2 4 1 . . 3 2 3 1 4 . 3 2 7 . 1 1 3 1 1 2 1 . . 3 Failed 97 | . 15 . . . 10 1 2 1 2 4 . . 6 1 8 . 2 . 2 3 16 2 1 2 1 5 . 3 1 . . 9 Catastrophic 20 | . 4 . . . 4 . 1 1 1 . . . . . 1 . . . . 1 2 . 1 . . 2 . 1 1 . . . Database Lockouts . | . . . . . . . . . . . . . . . . . . . . . . . . . . . . . . . . . Manual 63 | . 19 . 1 . 16 . . . 2 . . . 4 . 6 . . . 3 . 5 . 1 . 3 . . . 1 . . 2 Terminals 114 | . 24 . . . 19 3 4 3 1 5 . . 4 3 2 1 . . . 5 14 2 . 3 . 6 . 5 . . . 10 Fabricators 4 | . . . . . . . . . . . . . . . 3 . . . . . . . . . . . . . 1 . . . Repair Stations 22 | . 3 . . . . . . . 1 . . . 3 . 4 . . . 2 . 5 . . . 2 . . . . . . 2 Recycling Units 8 | . 3 . . . . . . . . . . . . . 1 . . . 2 . 2 . . . . . . . . . . . Scanalyzers 14 | . . . . . 4 . 2 . 2 . . . . . . . 6 . . . . . . . . . . . . . . . Garrison Access 17 | . . . . . 2 . 1 . 2 . . . 2 . 1 . . . 1 . 2 . 2 . 2 . 1 . 1 . . . Terminal Hacks 36 | . 4 1 4 . 2 2 2 2 . 1 . . 2 2 . 1 . . . 2 4 . . 1 . 1 . 2 . . . 3 Record 3 | . . . 3 . . . . . . . . . . . . . . . . . . . . . . . . . . . . . Robot Analysis 1 | . 1 . . . . . . . . . . . . . . . . . . . . . . . . . . . . . . . Prototype ID Bank 4 | . 1 . . . 1 . . . . . . . 2 . . . . . . . . . . . . . . . . . . . Open Door 2 | . . 1 . . . . . . . . . . . . . . . . . . . . . . . . . . . . . 1 Emergency Access Points 7 | . . . . . . . . 1 . 1 . . . 1 . 1 . . . . . . . 1 . 1 . 1 . . . . Terminal Index 2 | . 1 . . . . . . . . . . . . . . . . . . . . . . . . . . . . . . 1 Unreport Threat 2 | . . . . . . . 1 . . . . . . . . . . . . . 1 . . . . . . . . . . . Locate Traps 6 | . 1 . . . 1 . 1 . . . . . . . . . . . . . 3 . . . . . . . . . . . Maintenance Status 1 | . . . . . . . . . . . . . . . . . . . . . . . . . . . . . . . . 1 Garrison Registry 4 | . . . . . . 1 . . . . . . . 1 . . . . . 1 . . . . . . . 1 . . . . Patrol Navigation 2 | . . . . . . 1 . 1 . . . . . . . . . . . . . . . . . . . . . . . . Security Stations 1 | . . . . . . . . . . . . . . . . . . . . 1 . . . . . . . . . . . . Proto ID Catalog 1 | . . . 1 . . . . . . . . . . . . . . . . . . . . . . . . . . . . . Fabricator Hacks . | . . . . . . . . . . . . . . . . . . . . . . . . . . . . . . . . . Repair Station Hacks 1 | . 1 . . . . . . . . . . . . . . . . . . . . . . . . . . . . . . . Scan Component 1 | . 1 . . . . . . . . . . . . . . . . . . . . . . . . . . . . . . . Recycling Unit Hacks 2 | . 1 . . . . . . . . . . . . . . . . . 1 . . . . . . . . . . . . . Retrieve Components 2 | . 1 . . . . . . . . . . . . . . . . . 1 . . . . . . . . . . . . . Scanalyzer 10 | . . . . . 3 . 2 . 1 . . . . . . . 4 . . . . . . . . . . . . . . . Retrieve Study 10 | . . . . . 3 . 2 . 1 . . . . . . . 4 . . . . . . . . . . . . . . . Garrison Access Hacks 12 | . . . . . 1 . 1 . 1 . . . 1 . 1 . . . 1 . 2 . 1 . 1 . 1 . 1 . . . Unlock Access 11 | . . . . . 1 . 1 . 1 . . . 1 . 1 . . . 1 . 1 . 1 . 1 . 1 . 1 . . . Coupler Status 1 | . . . . . . . . . . . . . . . . . . . . . 1 . . . . . . . . . . . Unauthorized Hacks 26 | . 9 . . . 9 . . . 2 . . . . . 2 . . . 1 . 1 . . . 2 . . . . . . . Terminals 16 | . 7 . . . 9 . . . . . . . . . . . . . . . . . . . . . . . . . . . Assimilate 1 | . 1 . . . . . . . . . . . . . . . . . . . . . . . . . . . . . . . Botnet 3 | . . . . . 3 . . . . . . . . . . . . . . . . . . . . . . . . . . . Operators 1 | . 1 . . . . . . . . . . . . . . . . . . . . . . . . . . . . . . . Skim 11 | . 5 . . . 6 . . . . . . . . . . . . . . . . . . . . . . . . . . . Fabricators 2 | . . . . . . . . . . . . . . . 2 . . . . . . . . . . . . . . . . . Haulers 1 | . . . . . . . . . . . . . . . 1 . . . . . . . . . . . . . . . . . Overload 1 | . . . . . . . . . . . . . . . 1 . . . . . . . . . . . . . . . . . Repair Stations 3 | . . . . . . . . . 1 . . . . . . . . . . . 1 . . . 1 . . . . . . . Mechanics 3 | . . . . . . . . . 1 . . . . . . . . . . . 1 . . . 1 . . . . . . . Recycling Units 3 | . 2 . . . . . . . . . . . . . . . . . 1 . . . . . . . . . . . . . Reject 1 | . . . . . . . . . . . . . . . . . . . 1 . . . . . . . . . . . . . Tunnel 2 | . 2 . . . . . . . . . . . . . . . . . . . . . . . . . . . . . . . Scanalyzers . | . . . . . . . . . . . . . . . . . . . . . . . . . . . . . . . . . Garrison Access 2 | . . . . . . . . . 1 . . . . . . . . . . . . . . . 1 . . . . . . . Reprogram 2 | . . . . . . . . . 1 . . . . . . . . . . . . . . . 1 . . . . . . . Data Cores Recovered 2 | . . . . . 1 . 1 . . . . . . . . . . . . . . . . . . . . . . . . . Used . | . . . . . . . . . . . . . . . . . . . . . . . . . . . . . . . . . Hacking Detections 69 | . 7 . . . 9 3 3 2 3 2 . . 4 1 5 1 1 . 2 2 10 1 1 1 1 3 . 2 1 . . 4 Full Trace Events 5 | . . . . . . . . . . 1 . . . . . . . . . . 1 . . . . 2 . 1 . . . . Feedback Events . | . . . . . . . . . . . . . . . . . . . . . . . . . . . . . . . . . Feedback Blocked . | . . . . . . . . . . . . . . . . . . . . . . . . . . . . . . . . . Robot Schematics Acquired . | . . . . . . . . . . . . . . . . . . . . . . . . . . . . . . . . . Robots Built . | . . . . . . . . . . . . . . . . . . . . . . . . . . . . . . . . . Authchips . | . . . . . . . . . . . . . . . . . . . . . . . . . . . . . . . . . Time . | . . . . . . . . . . . . . . . . . . . . . . . . . . . . . . . . . Total Robot Build Rating . | . . . . . . . . . . . . . . . . . . . . . . . . . . . . . . . . . Part Schematics Acquired . | . . . . . . . . . . . . . . . . . . . . . . . . . . . . . . . . . Parts Built . | . . . . . . . . . . . . . . . . . . . . . . . . . . . . . . . . . Authchips . | . . . . . . . . . . . . . . . . . . . . . . . . . . . . . . . . . Time . | . . . . . . . . . . . . . . . . . . . . . . . . . . . . . . . . . Total Part Build Rating . | . . . . . . . . . . . . . . . . . . . . . . . . . . . . . . . . . Part Studies Acquired 7 | . . . . . 2 . 1 . . . . . . . . . 4 . . . . . . . . . . . . . . . Parts Repaired . | . . . . . . . . . . . . . . . . . . . . . . . . . . . . . . . . . Time . | . . . . . . . . . . . . . . . . . . . . . . . . . . . . . . . . . Parts Recycled . | . . . . . . . . . . . . . . . . . . . . . . . . . . . . . . . . . Recycled Matter . | . . . . . . . . . . . . . . . . . . . . . . . . . . . . . . . . . Retrieved Matter . | . . . . . . . . . . . . . . . . . . . . . . . . . . . . . . . . . Retrieved Components 12 | . 10 . . . . . . . . . . . . . . . . . 2 . . . . . . . . . . . . . Parts Scanalyzed . | . . . . . . . . . . . . . . . . . . . . . . . . . . . . . . . . . Part Schematics Acquired . | . . . . . . . . . . . . . . . . . . . . . . . . . . . . . . . . . Parts Damaged . | . . . . . . . . . . . . . . . . . . . . . . . . . . . . . . . . . Bothacking | -11 -10 -10 -10 -9 -8 -8 -7 -7 -7 -7 -6 -6 -6 -6 -5 -5 -4 -4 -4 -4 -4 -4 -3 -3 -2 -2 -2 -2 -1 -1 -1 -1 ------------ Run | Yrd Mat Min Exi Min Mat Gar Fac Gar Fac Gar Fac Was Fac Gar Fac Gar Fac Was Fac Gar Fac Gar Res Gar Res Gar Res Gar Acc Gar Acc Com Used RIF Installer 12 | . . . . . . 1 . 1 . 1 . . . 1 . 2 . . . 1 . 1 . 1 . 1 . 1 . 1 . . Hotswap 1 | . . . . . . . . . . . . . . 1 . . . . . . . . . . . . . . . . . . Command Fork 1 | . . . . . . . . . . . . . . . . 1 . . . . . . . . . . . . . . . . Threat Obfuscator 1 | . . . . . . . . . . 1 . . . . . . . . . . . . . . . . . . . . . . Zone Cloak 2 | . . . . . . . . . . . . . . . . . . . . . . . . . . 1 . . . 1 . . Robot Detection 1 | . . . . . . . . 1 . . . . . . . . . . . . . . . . . . . . . . . . Patrol Navigation 1 | . . . . . . . . . . . . . . . . . . . . . . . . 1 . . . . . . . . Alert ID Control 1 | . . . . . . . . . . . . . . . . 1 . . . . . . . . . . . . . . . . Autooverride 2 | . . . . . . . . . . . . . . . . . . . . 1 . 1 . . . . . . . . . . Autoassimilate 1 | . . . . . . . . . . . . . . . . . . . . . . . . . . . . 1 . . . . Robots Hacked 205 | . . . 4 . . . 1 4 2 3 1 3 2 . 6 1 1 5 . 3 14 13 3 18 2 17 8 20 15 26 7 26 Non-combat 37 | . . . 3 . . . 1 1 2 . 1 . 2 . 6 1 1 . . . 3 . 2 . . . . . 4 . 3 7 Combat 168 | . . . 1 . . . . 3 . 3 . 3 . . . . . 5 . 3 11 13 1 18 2 17 8 20 11 26 4 19 Autooverrided 51 | . . . . . . . . . . . . . . . . . . . . . 1 3 . 12 2 8 3 6 3 9 1 3 Autoassimilated 16 | . . . . . . . . . . . . . . . . . . . . . . . . . . . . 1 4 3 . 8 Robot Hacks Applied 161 | . . . 4 . . . 1 4 2 3 1 3 5 . 10 1 1 6 . 3 15 10 5 6 . 9 6 14 9 16 8 19 parse_system 13 | . . . 4 . . . . . . . . . . . 2 . . . . . 1 . 1 . . . . . 1 . 2 2 find_chute 4 | . . . . . . . 1 . . . 1 . . . 1 . 1 . . . . . . . . . . . . . . . find_fabricator 1 | . . . . . . . . . . . . . . . . . . . . . 1 . . . . . . . . . . . drop_inventory 5 | . . . . . . . . . . . . . . . 1 . . . . . 1 . . . . . . . 2 . 1 . ignore_parts 3 | . . . . . . . . . . . . . . . . . . . . . . . . . . . . . . . . 3 purge_threat 6 | . . . . . . . . . . . . . 2 . 2 . . . . . . . 2 . . . . . . . . . block_reporting 2 | . . . . . . . . . . . . . 1 . 1 . . . . . . . . . . . . . . . . . map_route 2 | . . . . . . . . . . . . . . . . . . . . . . . . . . . . . . . 1 1 ignore_targets 8 | . . . . . . . . . . . . 3 . . . . . 5 . . . . . . . . . . . . . . link_fov 1 | . . . . . . . . . . . . . . . . . . . . . 1 . . . . . . . . . . . link_complan 1 | . . . . . . . . . . . . . . . . . . . . . . . . . . . . . . . 1 . overload_power 1 | . . . . . . . . . . . . . . . . . . 1 . . . . . . . . . . . . . . amplify_resonance 19 | . . . . . . . . . . . . . . . . . . . . . 1 3 . 2 . 1 3 1 1 6 . 1 disable_weapons 1 | . . . . . . . . . . . . . . . . . . . . . . . . . . . . 1 . . . . reboot_system 17 | . . . . . . . . 1 . . . . . . . . . . . 1 1 2 . 1 . 2 . 4 2 . . 3 overwrite_iff 24 | . . . . . . . . . . 1 . . . . . . . . . 1 2 1 1 3 . 1 2 3 1 5 1 2 formatsys_low 16 | . . . . . . . . 1 2 . . . 2 . 3 1 . . . . 2 . 1 . . . . . 2 . 1 1 formatsys_high 36 | . . . . . . . . 2 . 2 . . . . . . . . . 1 4 4 . . . 5 1 5 . 5 1 6 formatsys_deep 1 | . . . . . . . . . . . . . . . . . . . . . 1 . . . . . . . . . . . Relay Couplers Released 145 | . . . . . . 7 . 14 . 4 . . . 8 . 12 . . . 12 . 17 . 20 . 20 . 13 . 18 . . Machine Destruction 142 | . . . . . . 4 . 14 . 4 . . . 8 . 12 . . . 12 . 17 . 20 . 20 . 13 . 18 . . Programmers 3 | . . . . . . 3 . . . . . . . . . . . . . . . . . . . . . . . . . . Attached 77 | . . . . . . . . 3 1 2 . 1 1 . 1 1 . 1 . 5 2 7 2 6 1 8 1 9 1 9 1 14 Fabnet Peak Effective % . | . . . . . . . . . . . . . . . . . . . . . . . . . . . . . . . . . Robots Rewired 50 | . . . . . . 3 . . . 15 . . . . . 1 2 . . 5 . 3 . 6 . 12 . 1 . 2 . . Allies Hacked 14 | . . . . . . . . . 1 . . . . 1 . . 1 . . . 2 . 2 . . 1 . 2 . . 1 3 Hacks Repelled . | . . . . . . . . . . . . . . . . . . . . . . . . . . . . . . . . . Allies | -11 -10 -10 -10 -9 -8 -8 -7 -7 -7 -7 -6 -6 -6 -6 -5 -5 -4 -4 -4 -4 -4 -4 -3 -3 -2 -2 -2 -2 -1 -1 -1 -1 -------- Run | Yrd Mat Min Exi Min Mat Gar Fac Gar Fac Gar Fac Was Fac Gar Fac Gar Fac Was Fac Gar Fac Gar Res Gar Res Gar Res Gar Acc Gar Acc Com Total Allies 212 | . 1 . . 3 . 4 . 3 2 20 . . 2 . 3 2 2 1 . 9 13 11 2 21 2 27 6 17 11 25 5 20 Largest Group 16 | . 1 . . 3 3 4 2 2 2 10 . . 2 2 3 2 1 1 . 6 7 5 2 6 5 16 13 5 8 8 10 8 Highest-Rated Group 991 | . 10 . . 40 40 151 80 44 32 377 . . 46 46 72 64 47 46 . 510 416 266 96 396 298 895 750 307 489 710 746 991 Highest-Rated Ally 219 | . 10 . . 16 16 40 40 32 32 95 . . 26 26 26 41 47 46 . 148 148 56 49 119 64 69 69 148 89 219 219 215 Total Orders 89 | . . . 2 . . 2 . 2 . 5 . . . . 1 5 . . . 16 2 5 . 3 . 5 . 3 3 23 2 10 STAY 35 | . . . . . . 1 . . . 1 . . . . . 2 . . . 10 1 3 . 2 . 2 . 2 2 5 . 4 ROAM 2 | . . . . . . . . . . . . . . . . . . . . . . . . . . 1 . . . . . 1 FOLLOW 17 | . . . . . . 1 . . . 2 . . . . . . . . . 3 . 2 . 1 . 2 . 1 . 1 . 4 GUARD 4 | . . . . . . . . 1 . . . . . . . 1 . . . 1 . . . . . . . . . 1 . . AID 28 | . . . . . . . . 1 . 2 . . . . 1 2 . . . 2 . . . . . . . . 1 16 2 1 PICKUP 1 | . . . . . . . . . . . . . . . . . . . . . 1 . . . . . . . . . . . RETURN 2 | . . . 2 . . . . . . . . . . . . . . . . . . . . . . . . . . . . . Ally Attacks 1264 | . . . 73 2 18 19 31 16 1 114 . . . . . 11 10 14 . 50 76 51 9 71 8 131 38 68 89 82 79 203 Total Damage 42655 | . . . 498 35 193 405 725 509 13 3496 . . . . . 420 321 345 . 2052 2424 1687 230 2846 218 4185 1200 2404 2407 2807 3301 9934 Kills 220 | . . . 5 1 2 5 6 7 . 29 . . . . . 3 1 . . 8 23 10 3 11 4 21 4 12 13 17 16 19 Allies Corrupted 14 | . . . . . . . . . . 1 . . . . . . 1 . . . 1 1 . . . . . 1 1 . 4 4 Allies Melted 1 | . . . . . . . . . . . . . . . . . . . . . . . . . . . . 1 . . . . Turrets Deployed 4 | . . . . . . . . . . . . . . . . . . . . . 1 . . . . . . . . . . 3 Intel | -11 -10 -10 -10 -9 -8 -8 -7 -7 -7 -7 -6 -6 -6 -6 -5 -5 -4 -4 -4 -4 -4 -4 -3 -3 -2 -2 -2 -2 -1 -1 -1 -1 ------- Run | Yrd Mat Min Exi Min Mat Gar Fac Gar Fac Gar Fac Was Fac Gar Fac Gar Fac Was Fac Gar Fac Gar Res Gar Res Gar Res Gar Acc Gar Acc Com Active Infowar (turns) 16765 | 50 866 . . . . . . . . . . . . . 1505 1987 604 189 532 2014 2155 1811 553 2746 328 1423 . . . . . 2 Optics 1 | . . . . . . . . . . . . . . . . . . . . . . . . 1 . . . . . . . . Sensors 2 | . . . . . . . . . . . . . . . . . . . . . . . . . . . . . . . . 2 Seismic 916 | 50 866 . . . . . . . . . . . . . . . . . . . . . . . . . . . . . . . Machine Analysis 2964 | . . . . . . . . . . . . . . . . . . . . 520 2155 289 . . . . . . . . . . Jamming 15847 | . . . . . . . . . . . . . . . 1505 1987 604 189 532 2014 2155 1811 553 2746 328 1423 . . . . . . Robot Analysis Total 1 | . 1 . . . . . . . . . . . . . . . . . . . . . . . . . . . . . . . Derelict Logs Recovered 3 | . . 2 . 1 . . . . . . . . . . . . . . . . . . . . . . . . . . . . Drone Launches 22 | . . . 22 . . . . . . . . . . . . . . . . . . . . . . . . . . . . . Drone Recoveries 22 | . . . 22 . . . . . . . . . . . . . . . . . . . . . . . . . . . . . Exploration | -11 -10 -10 -10 -9 -8 -8 -7 -7 -7 -7 -6 -6 -6 -6 -5 -5 -4 -4 -4 -4 -4 -4 -3 -3 -2 -2 -2 -2 -1 -1 -1 -1 ------------- Run | Yrd Mat Min Exi Min Mat Gar Fac Gar Fac Gar Fac Was Fac Gar Fac Gar Fac Was Fac Gar Fac Gar Res Gar Res Gar Res Gar Acc Gar Acc Com Turns Passed 43085 | 305 2004 1369 3232 344 2300 742 491 1696 436 3451 372 206 349 1857 1801 2134 604 189 532 2014 2155 1811 553 2746 328 2453 238 2002 398 1491 525 1957 Spaces Moved 17998 | 142 1070 639 1695 192 977 333 316 757 170 1223 152 75 137 644 579 711 224 82 222 926 1201 634 202 934 139 908 76 667 184 763 187 837 Core 21 | 2 . . . . . . . . . . . . . . . . . . . . . . . . . . . . . . . 19 Treads 12300 | 140 1070 639 1695 192 482 . . 293 170 1223 152 75 137 644 579 711 224 82 222 333 200 634 202 934 139 208 56 667 67 . . 130 Legs . | . . . . . . . . . . . . . . . . . . . . . . . . . . . . . . . . . Wheels 5677 | . . . . . 495 333 316 464 . . . . . . . . . . . 593 1001 . . . . 700 20 . 117 763 187 688 Hover . | . . . . . . . . . . . . . . . . . . . . . . . . . . . . . . . . . Flight . | . . . . . . . . . . . . . . . . . . . . . . . . . . . . . . . . . Fastest Speed 50 | 50 160 160 160 160 135 135 105 120 240 240 240 240 240 240 240 240 220 220 220 135 135 220 240 220 220 190 210 220 144 126 144 50 Average Speed 193 | 158 160 160 164 160 199 135 114 170 240 240 240 240 240 240 240 240 235 220 224 171 152 232 240 237 220 211 232 227 179 143 148 162 Slowest Speed 320 | 160 160 160 240 160 320 180 120 240 240 240 240 240 240 240 240 240 240 220 240 240 240 240 240 240 220 220 240 240 240 144 170 295 Overloaded Moves . | . . . . . . . . . . . . . . . . . . . . . . . . . . . . . . . . . Propulsion Burnouts . | . . . . . . . . . . . . . . . . . . . . . . . . . . . . . . . . . Robots Hopped . | . . . . . . . . . . . . . . . . . . . . . . . . . . . . . . . . . Potential Cave-ins 7 | . . . . . . 2 . . . . . . . . 5 . . . . . . . . . . . . . . . . . Cave-ins Triggered . | . . . . . . . . . . . . . . . . . . . . . . . . . . . . . . . . . Exploration Rate (%) 48 | 8 97 96 92 29 71 53 9 93 7 97 5 74 3 79 16 93 8 74 8 80 28 66 7 93 6 95 3 65 8 83 6 38 Regions Visited 32 Branch Regions 4 Pre-discovered Areas 5 | . 2 . 1 . 2 . . . . . . . . . . . . . . . . . . . . . . . . . . . Known Exits Taken 14 | . 1 . 1 1 1 . 1 . 1 . . . 1 . 1 . . . 1 . 1 . 1 . 1 . 1 . 1 . . . Unknown Exits Taken 3 | 1 . 1 . . . . . . . . . . . . . . . . . . . . . . . . . . . . 1 . Scrap Searched 1 | . . 1 . . . . . . . . . . . . . . . . . . . . . . . . . . . . . . Spaces Dug 133 | . . . . . . 11 . 15 . 1 . 2 1 39 6 6 1 . . 15 8 3 . 12 . 2 1 . . 10 . . Terrain Destroyed 693 | . . . 37 . . 11 . 23 58 42 . 2 1 67 29 68 20 . 10 39 49 32 9 39 . 41 4 36 3 31 9 33 Melee 60 | . . . . . . 5 . 10 . 1 . . . 12 . . . . . 13 7 . . 10 . 2 . . . . . . Projectile 490 | . . . 33 . . 6 . 6 2 41 . 2 1 27 25 47 17 . 7 25 29 32 9 29 . 39 4 35 3 31 8 32 AOE 128 | . . . . . . . . 5 56 . . . . 27 4 20 . . 3 . 13 . . . . . . . . . . . Terrain Rammed . | . . . . . . . . . . . . . . . . . . . . . . . . . . . . . . . . . Walls Destroyed . | . . . . . . . . . . . . . . . . . . . . . . . . . . . . . . . . . Machines Disabled . | . . . . . . . . . . . . . . . . . . . . . . . . . . . . . . . . . Actions | -11 -10 -10 -10 -9 -8 -8 -7 -7 -7 -7 -6 -6 -6 -6 -5 -5 -4 -4 -4 -4 -4 -4 -3 -3 -2 -2 -2 -2 -1 -1 -1 -1 --------- Run | Yrd Mat Min Exi Min Mat Gar Fac Gar Fac Gar Fac Was Fac Gar Fac Gar Fac Was Fac Gar Fac Gar Res Gar Res Gar Res Gar Acc Gar Acc Com Total 23263 | 180 1250 937 2002 217 1275 513 407 981 186 1527 158 97 152 800 895 947 271 91 244 1187 1421 823 241 1262 151 1209 114 933 232 1072 293 1195 Wait 1617 | 3 62 259 112 17 172 29 36 37 1 101 . 13 . 8 208 49 7 . 2 36 80 35 1 50 5 37 . 48 . 136 10 63 Move 17972 | 141 1069 638 1694 191 976 332 316 756 169 1222 152 74 136 643 579 710 224 81 221 924 1201 633 202 933 138 907 76 666 183 762 186 837 Hop . | . . . . . . . . . . . . . . . . . . . . . . . . . . . . . . . . . Pick Up 299 | 8 16 2 26 . 26 5 12 20 1 14 1 1 1 18 9 12 1 1 3 14 17 6 4 17 1 13 3 12 3 12 2 18 Fast Attach 115 | 7 1 . . . 6 . 1 4 1 6 1 . 2 3 1 5 2 1 1 3 3 7 1 10 1 14 3 10 1 7 1 12 Attach 119 | . 2 2 3 . 1 1 6 10 . 4 1 . 1 6 4 6 4 . . 10 2 4 2 8 1 11 2 6 3 2 2 15 Detach 19 | . . . . . . . 2 . . . . . . . . 1 3 . . 2 . . . 2 . 3 3 . . . . 3 Swap 450 | 1 13 6 19 2 17 22 2 23 4 28 1 3 1 13 19 26 7 2 5 30 31 25 12 36 1 18 4 21 5 2 13 38 Drop 322 | . 15 1 33 . 24 3 6 22 1 15 . 1 2 20 7 15 1 . 4 13 19 13 4 25 . 19 4 18 4 10 3 20 Fire 1586 | 20 68 26 91 7 53 53 26 64 9 87 1 5 9 43 64 105 22 6 7 50 54 68 15 64 4 99 19 142 25 77 28 175 Melee 285 | . . . 24 . . 44 . 34 . 8 . . . 31 . . . . . 51 14 24 . 27 . 28 . . . . . . Ram . | . . . . . . . . . . . . . . . . . . . . . . . . . . . . . . . . . Kick . | . . . . . . . . . . . . . . . . . . . . . . . . . . . . . . . . . Crush 12 | . 4 3 . . . . . . . . 1 . . . 3 . . . 1 . . . . . . . . . . . . . Escape Stasis 231 | . . . . . . 16 . 2 . 8 . . . 6 1 3 . . . 46 . 8 . 12 . 39 . 10 8 64 . 8 Rewire 96 | . . . . . . . . . . 25 . . . . . 1 . . . . . . . 69 . . . . . . . 1 Trap . | . . . . . . . . . . . . . . . . . . . . . . . . . . . . . . . . . Miscellaneous 140 | . . . . . . 8 . 9 . 9 . . . 9 . 14 . . . 8 . . . 9 . 21 . . . . 48 5 Route ------- -11/Scrapyard -10/Materials (discovered 5 exits: *Mat x3 / *Min / Sub) -10/Mines (discovered 4 exits: *Mat x2 / *Exi / Sub) -10/Exiles (discovered 2 exits: *Min x2) -9/Mines (discovered 2 exits: *Mat x2) -8/Materials (discovered 4 exits: *Fac x3 / Gar) -8/Garrison (discovered 3 exits: *Fac x3) -7/Factory (discovered 2 exits: [*Fac] / Gar) -7/Garrison (discovered 3 exits: *Fac x3) -7/Factory -7/Garrison (discovered 3 exits: [*Fac x3]) -6/Factory -6/Waste -6/Factory -6/Garrison (discovered 3 exits: *Fac x3) -5/Factory (discovered 2 exits: [*Upp] / Gar) -5/Garrison (discovered 3 exits: *Fac x3) -4/Factory -4/Waste -4/Factory -4/Garrison (discovered 3 exits: *Fac x3) -4/Factory -4/Garrison (discovered 3 exits: *Res x3) -3/Research -3/Garrison (discovered 3 exits: *Res x3) -2/Research -2/Garrison (discovered 3 exits: *Res x3) -2/Research -2/Garrison (discovered 3 exits: *Acc x3) -1/Access -1/Garrison (discovered 3 exits: [*Acc x3]) -1/Access -1/Command History --------- Turn | Location | Event 6 | -11/Scrapyard | Discovered new exit (range 15) 306 | -11/Scrapyard | Entered Materials 307 | -10/Materials | Build established: Mutant 720 | -10/Materials | Discovered new exit (range 8) 922 | -10/Materials | Discovered new exit (range 16) 1334 | -10/Materials | Discovered new exit (range 15) 1347 | -10/Materials | Learned 2 Storage zone layouts 1380 | -10/Materials | Identified exit to Mines 1380 | -10/Materials | Identified exit to Subcaves 1423 | -10/Materials | Learned location of 2 exits from Mines 1425 | -10/Materials | Learned location of 2 exits from Materials 1427 | -10/Materials | Learned location of 2 exits from Subcaves 1437 | -10/Materials | Learned location of 2 exits from Materials 2310 | -10/Materials | Entered Mines 2311 | -10/Mines | Identified exit to Materials 2387 | -10/Mines | Assembled infested the area 2392 | -10/Mines | Assisted by a Guerilla fighting off Assembled 2398 | -10/Mines | Met a Derelict bent on vengeance 2743 | -10/Mines | Learned Materials trap positions 2874 | -10/Mines | Discovered exit to Materials (range 7) 3067 | -10/Mines | Found the Drone Emporium 3073 | -10/Mines | Found Prototype Device 3073 | -10/Mines | Identified Thief Drone Bay 3672 | -10/Mines | Deemed a non-threat by the Exiles lab entrance 3672 | -10/Mines | Discovered new exit (range 5) 3679 | -10/Mines | Entered Exiles 3680 | -10/Exiles | Identified exit to Mines 3723 | -10/Exiles | Met 8R-AWN 3750 | -10/Exiles | Met EX-HEX 3871 | -10/Exiles | Met EX-DEC 3916 | -10/Exiles | Learned location of Zion (-6) 4173 | -10/Exiles | Met EX-BIN 4307 | -10/Exiles | Aligned with FarCom system 4309 | -10/Exiles | Given EX-Vault access code 4347 | -10/Exiles | Opened EX-Vault 4359 | -10/Exiles | Found XL Autogun Array 4363 | -10/Exiles | Found Deploy-a-Sentry 4366 | -10/Exiles | Found Deploy-a-Sentry 4370 | -10/Exiles | Found Deploy-a-Sentry 4375 | -10/Exiles | Found Gui. Plasma Cannon 4413 | -10/Exiles | Warned to stay clear of 0b10 Research branches 5194 | -10/Exiles | Attacked by the Exiles 5246 | -10/Exiles | Core integrity fell below 50% 5318 | -10/Exiles | Found 8R-AWN's Boregun 5319 | -10/Exiles | Found 8R-AWN's Boregun 6006 | -10/Exiles | Allies destroyed EX-DEC 6030 | -10/Exiles | Allies destroyed EX-HEX 6053 | -10/Exiles | Allies destroyed EX-BIN 6281 | -10/Exiles | Found System Purifier 6296 | -10/Exiles | Found Deploy-a-Sentry 6713 | -10/Exiles | Destroyed 8R-AWN 6911 | -10/Exiles | Stole three prototypes: Gui. Plasma Cannon, XL Autogun Array, Deploy-a-Sentry 6911 | -10/Exiles | Entered Mines 7096 | -9/Mines | Identified exit to Materials 7172 | -9/Mines | Assisted by bots powering up and referring to "LRC-V3" 7235 | -9/Mines | Discovered exit to Materials (range 10) 7255 | -9/Mines | Entered Materials 7255 | -8/Materials | Accompanied by 3 allies 7255 | -8/Materials | Evolved 4 slots: Utility x1, Weapon x3 7256 | -8/Materials | Identified exit to Factory 7257 | -8/Materials | Loaded intel: 11 trap records 7590 | -8/Materials | Build established: Gunner 9146 | -8/Materials | Learned Factory stockpile data 9215 | -8/Materials | Learned 4 Lower Caves zone layouts 9329 | -8/Materials | Learned location of Lower Caves (-6) 9409 | -8/Materials | Learned location of 1 exit from Recycling 9454 | -8/Materials | Learned location of Recycling (-7) 9551 | -8/Materials | Identified exit to Garrison 9555 | -8/Materials | Entered Garrison 9603 | -8/Garrison | Discovered exit to Factory (range 56) 9603 | -8/Garrison | Discovered exit to Factory (range 34) 9603 | -8/Garrison | Discovered exit to Factory (range 71) 9737 | -8/Garrison | Destroyed 10 combat bots 9761 | -8/Garrison | Triggered checkpoint 9860 | -8/Garrison | Rescued a captive Derelict 9909 | -8/Garrison | Triggered checkpoint 9909 | -8/Garrison | Triggered checkpoint 9939 | -8/Garrison | Triggered checkpoint 10010 | -8/Garrison | Triggered checkpoint 10103 | -8/Garrison | Installed Relay Interface Framework 10297 | -8/Garrison | Entered Factory 10297 | -7/Factory | Accompanied by 2 allies 10297 | -7/Factory | Evolved 2 slots: Propulsion x2 10594 | -7/Factory | Discovered new exit (range 16) 10687 | -7/Factory | Garrison activated, responded to threat 10697 | -7/Factory | First assault squad dispatched 10717 | -7/Factory | Build established: Hauler-Gunner 10754 | -7/Factory | Identified exit to Garrison 10788 | -7/Factory | Entered Garrison 10869 | -7/Garrison | Phase Generator disabled 10982 | -7/Garrison | Garrison Relay disabled 11105 | -7/Garrison | Destroyed 8 combat bots 11118 | -7/Garrison | Triggered checkpoint 11160 | -7/Garrison | Triggered checkpoint 11265 | -7/Garrison | Garrison Relay disabled 11292 | -7/Garrison | Discovered new exit (range 8) 11429 | -7/Garrison | Triggered checkpoint 11575 | -7/Garrison | Garrison Relay disabled 11583 | -7/Garrison | Triggered checkpoint 11619 | -7/Garrison | Discovered new exit (range 12) 11628 | -7/Garrison | Lost 3 parts (3n) 12090 | -7/Garrison | Triggered checkpoint 12198 | -7/Garrison | Triggered checkpoint 12216 | -7/Garrison | Build established: Hauler-Tank 12263 | -7/Garrison | Expanded RIF knowledge: Robot Detection 12280 | -7/Garrison | Garrison Relay disabled 12332 | -7/Garrison | Discovered new exit (range 10) 12484 | -7/Garrison | Entered Factory 12484 | -7/Factory | Accompanied by 1 ally 12869 | -7/Factory | Identified exit to Garrison 12920 | -7/Factory | Entered Garrison 12920 | -7/Garrison | Accompanied by 2 allies 13029 | -7/Garrison | Triggered checkpoint 13221 | -7/Garrison | Phase Generator disabled 13310 | -7/Garrison | Triggered checkpoint 13310 | -7/Garrison | Triggered checkpoint 13322 | -7/Garrison | Triggered checkpoint 13361 | -7/Garrison | Lost 7 allies 13364 | -7/Garrison | Triggered checkpoint 13419 | -7/Garrison | Destroyed 11 combat bots 13520 | -7/Garrison | Triggered checkpoint 13643 | -7/Garrison | Garrison Relay disabled 13703 | -7/Garrison | Triggered checkpoint 13768 | -7/Garrison | Triggered checkpoint 14278 | -7/Garrison | Triggered checkpoint 14419 | -7/Garrison | Triggered checkpoint 14460 | -7/Garrison | Triggered checkpoint 14598 | -7/Garrison | Build established: Commander-Tank 14793 | -7/Garrison | Found embedded Infiltrators 14806 | -7/Garrison | Discovered new exit (range 14) 15108 | -7/Garrison | Core integrity fell below 50% 15213 | -7/Garrison | Discovered new exit (range 12) 15279 | -7/Garrison | Expanded RIF knowledge: Threat Obfuscation 15342 | -7/Garrison | Triggered checkpoint 15590 | -7/Garrison | Build established: Hauler-Tank 15924 | -7/Garrison | Lost 5 allies 16091 | -7/Garrison | Discovered new exit (range 8) 16142 | -7/Garrison | Triggered checkpoint 16371 | -7/Garrison | Entered Factory 16371 | -6/Factory | Evolved 2 slots: Utility x2 16721 | -6/Factory | First assault squad dispatched 16743 | -6/Factory | Sucked down chute 16743 | -6/Factory | Entered Waste 16758 | -6/Waste | EMP discharged 16758 | -6/Waste | Spotted C-40 Crusher 16759 | -6/Waste | Spotted C-40 Crusher 16833 | -6/Waste | Spotted C-40 Crusher 16858 | -6/Waste | EMP discharged 16882 | -6/Waste | Spotted C-40 Crusher 16900 | -6/Waste | Spotted C-40 Crusher 16914 | -6/Waste | Discovered new exit (range 10) 16949 | -6/Waste | Entered Factory 16970 | -6/Factory | Identified exit to Garrison 17298 | -6/Factory | Entered Garrison 17298 | -6/Garrison | Accompanied by 2 allies 17459 | -6/Garrison | Warlord forces raided the area 17502 | -6/Garrison | Triggered checkpoint 17568 | -6/Garrison | Triggered checkpoint 17628 | -6/Garrison | Triggered checkpoint 17654 | -6/Garrison | Triggered checkpoint 17720 | -6/Garrison | Triggered checkpoint 17741 | -6/Garrison | Triggered checkpoint 17762 | -6/Garrison | Phase Generator disabled 17822 | -6/Garrison | Garrison Relay disabled 18202 | -6/Garrison | Found Relay Coupler [Proto] 18207 | -6/Garrison | Found Relay Coupler [Proto] 18211 | -6/Garrison | Found Relay Coupler [Proto] 18215 | -6/Garrison | Found Relay Coupler [Proto] 18302 | -6/Garrison | Discovered new exit (range 14) 18467 | -6/Garrison | Build established: Bothacker-Tank 18881 | -6/Garrison | Spotted Executioner 18881 | -6/Garrison | Spotted Executioner 18919 | -6/Garrison | Destroyed Executioner 18923 | -6/Garrison | Destroyed Executioner 18952 | -6/Garrison | Found Exp. Targeting Computer 19004 | -6/Garrison | Expanded RIF knowledge: Hotswap 19045 | -6/Garrison | Garrison Relay disabled 19099 | -6/Garrison | Discovered new exit (range 8) 19114 | -6/Garrison | Discovered new exit (range 61) 19114 | -6/Garrison | Discovered new exit (range 7) 19114 | -6/Garrison | Discovered new exit (range 76) 19155 | -6/Garrison | Entered Factory 19155 | -5/Factory | Evolved 2 slots: Utility x2 19473 | -5/Factory | Build established: Botlord-Gunner 19850 | -5/Factory | System corruption reached 10% 20006 | -5/Factory | Discovered new exit (range 7) 20077 | -5/Factory | Build established: Bothacker-Gunner 20956 | -5/Factory | Identified exit to Garrison 20956 | -5/Factory | Entered Garrison 21239 | -5/Garrison | Phase Generator disabled 21377 | -5/Garrison | Triggered checkpoint 21425 | -5/Garrison | Garrison Relay disabled 21540 | -5/Garrison | Triggered checkpoint 21541 | -5/Garrison | Triggered checkpoint 21548 | -5/Garrison | Triggered checkpoint 21608 | -5/Garrison | Destroyed 9 combat bots 21854 | -5/Garrison | Garrison Relay disabled 21855 | -5/Garrison | Build established: Bothacker-Tank 22078 | -5/Garrison | Discovered new exit (range 3) 22221 | -5/Garrison | Build established: Bothacker-Gunner 22296 | -5/Garrison | Expanded RIF knowledge: Command Fork 22330 | -5/Garrison | Triggered checkpoint 22411 | -5/Garrison | Discovered new exit (range 14) 22600 | -5/Garrison | Build established: Botlord-Gunner 22691 | -5/Garrison | Discovered new exit (range 10) 22858 | -5/Garrison | Triggered checkpoint 22907 | -5/Garrison | Garrison Relay disabled 22979 | -5/Garrison | Expanded RIF knowledge: Alert ID Control 23090 | -5/Garrison | Entered Factory 23090 | -4/Factory | Evolved 2 slots: Utility x2 23587 | -4/Factory | Build established: Botlord-Tank 23590 | -4/Factory | First assault squad dispatched 23694 | -4/Factory | Sucked down chute 23694 | -4/Factory | Entered Waste 23695 | -4/Waste | Met a frightened Derelict 23709 | -4/Waste | EMP discharged 23709 | -4/Waste | System corruption reached 10% 23736 | -4/Waste | Spotted C-40 Crusher 23752 | -4/Waste | Spotted C-40 Crusher 23752 | -4/Waste | Spotted C-40 Crusher 23757 | -4/Waste | Spotted C-40 Crusher 23767 | -4/Waste | Spotted C-40 Crusher 23784 | -4/Waste | Spotted C-40 Crusher 23809 | -4/Waste | EMP discharged 23861 | -4/Waste | Discovered new exit (range 10) 23883 | -4/Waste | Entered Factory 24379 | -4/Factory | Identified exit to Garrison 24415 | -4/Factory | Entered Garrison 24540 | -4/Garrison | Rescued a captive Derelict 24552 | -4/Garrison | Rescued a captive Derelict 24606 | -4/Garrison | Learned Factory security intel 24706 | -4/Garrison | Build established: Botlord-Gunner 24799 | -4/Garrison | Triggered checkpoint 24845 | -4/Garrison | Triggered checkpoint 25113 | -4/Garrison | Spotted B-86 Titan 25117 | -4/Garrison | Triggered checkpoint 25123 | -4/Garrison | Assimilated Titan 7a with formatsys_high 25133 | -4/Garrison | Triggered checkpoint 25301 | -4/Garrison | Triggered checkpoint 25430 | -4/Garrison | Garrison Relay disabled 25510 | -4/Garrison | Discovered new exit (range 10) 25532 | -4/Garrison | Spotted B-75 Beast 25532 | -4/Garrison | Spotted B-75 Beast 25539 | -4/Garrison | Rewired B-90 Cyclops 25540 | -4/Garrison | Rewired B-90 Cyclops 25549 | -4/Garrison | Destroyed B-75 Beast 25553 | -4/Garrison | Allies destroyed B-75 Beast 25751 | -4/Garrison | Triggered checkpoint 25832 | -4/Garrison | Discovered new exit (range 12) 25845 | -4/Garrison | Expanded RIF knowledge: Autooverride 25875 | -4/Garrison | Triggered checkpoint 25897 | -4/Garrison | Garrison Relay disabled 26266 | -4/Garrison | Discovered new exit (range 13) 26266 | -4/Garrison | Discovered new exit (range 67) 26266 | -4/Garrison | Discovered new exit (range 85) 26429 | -4/Garrison | Entered Factory 26429 | -4/Factory | Accompanied by 3 allies 26715 | -4/Factory | Spotted B-86 Titan 26737 | -4/Factory | Allies destroyed B-86 Titan 27421 | -4/Factory | Assimilated Heavy ARC 7a with formatsys_deep 27422 | -4/Factory | Cargo convoy interrupted 27470 | -4/Factory | DAS Turret deployed 27471 | -4/Factory | Lost 6 allies 28351 | -4/Factory | Build established: Botlord-Tank 28584 | -4/Factory | Identified exit to Garrison 28584 | -4/Factory | Entered Garrison 28742 | -4/Garrison | Triggered checkpoint 28805 | -4/Garrison | Garrison Relay disabled 29182 | -4/Garrison | Spotted B-86 Titan 29221 | -4/Garrison | Triggered checkpoint 29234 | -4/Garrison | Triggered checkpoint 29240 | -4/Garrison | Destroyed B-86 Titan 29342 | -4/Garrison | Triggered checkpoint 29426 | -4/Garrison | Discovered new exit (range 12) 29522 | -4/Garrison | Expanded RIF knowledge: Autooverride 29577 | -4/Garrison | Triggered checkpoint 29642 | -4/Garrison | Garrison Relay disabled 29794 | -4/Garrison | Discovered new exit (range 9) 29835 | -4/Garrison | Triggered checkpoint 29881 | -4/Garrison | Garrison Relay disabled 29955 | -4/Garrison | Build established: Botlord-Gunner 30033 | -4/Garrison | Spotted B-75 Beast 30089 | -4/Garrison | Triggered checkpoint 30155 | -4/Garrison | Triggered checkpoint 30202 | -4/Garrison | Garrison Relay disabled 30301 | -4/Garrison | Discovered new exit (range 8) 30395 | -4/Garrison | Entered Research 30395 | -3/Research | Accompanied by 1 ally 30395 | -3/Research | Evolved 2 slots: Utility x2 30676 | -3/Research | Unchained authorized (DW-4LL) 30783 | -3/Research | Build established: Botlord-Tank 30948 | -3/Research | Identified exit to Garrison 30948 | -3/Research | Entered Garrison 30948 | -3/Garrison | Accompanied by 1 ally 31021 | -3/Garrison | Phase Generator disabled 31152 | -3/Garrison | Triggered checkpoint 31223 | -3/Garrison | Garrison Relay disabled 31353 | -3/Garrison | Spotted Executioner 31357 | -3/Garrison | Destroyed Executioner 31384 | -3/Garrison | Found Prototype Device 31384 | -3/Garrison | Identified Adv. Kinecellerator 31473 | -3/Garrison | Spotted B-86 Titan 31487 | -3/Garrison | Triggered checkpoint 31498 | -3/Garrison | Destroyed B-86 Titan 31505 | -3/Garrison | Triggered checkpoint 31507 | -3/Garrison | Triggered checkpoint 31554 | -3/Garrison | Lost 3 allies 31731 | -3/Garrison | Rewired Executioner 31766 | -3/Garrison | Rewired Striker 31813 | -3/Garrison | Triggered checkpoint 31908 | -3/Garrison | Build established: Hauler-Tank 32072 | -3/Garrison | Discovered new exit (range 10) 32118 | -3/Garrison | Triggered checkpoint 32182 | -3/Garrison | Triggered checkpoint 32276 | -3/Garrison | Expanded RIF knowledge: Patrol Navigation 32745 | -3/Garrison | Garrison Relay disabled 32783 | -3/Garrison | Discovered new exit (range 14) 33049 | -3/Garrison | Garrison Relay disabled 33197 | -3/Garrison | Build established: Scavenger-Tank 33320 | -3/Garrison | Found Relay Coupler [Proto] 33325 | -3/Garrison | Found Relay Coupler [Proto] 33330 | -3/Garrison | Found Relay Coupler [Proto] 33334 | -3/Garrison | Found Relay Coupler [Proto] 33510 | -3/Garrison | Triggered checkpoint 33559 | -3/Garrison | Garrison Relay disabled 33601 | -3/Garrison | Discovered new exit (range 14) 33694 | -3/Garrison | Entered Research 33694 | -2/Research | Accompanied by 3 allies 33694 | -2/Research | Evolved 2 slots: Utility x2 33893 | -2/Research | Unchained authorized (DW-4LL) 33909 | -2/Research | Garrison activated, responded to threat 34011 | -2/Research | Identified exit to Garrison 34022 | -2/Research | Entered Garrison 34022 | -2/Garrison | Accompanied by 2 allies 34510 | -2/Garrison | Spotted B-90 Cyclops 34524 | -2/Garrison | Triggered checkpoint 34578 | -2/Garrison | Build established: Hauler-Tank 34595 | -2/Garrison | Destroyed B-90 Cyclops 34621 | -2/Garrison | Lost 6 parts (1p2n1u2w) 34878 | -2/Garrison | Build established: Botlord-Gunner 34919 | -2/Garrison | Discovered new exit (range 12) 35009 | -2/Garrison | Triggered checkpoint 35161 | -2/Garrison | Garrison Relay disabled 35331 | -2/Garrison | Triggered checkpoint 35378 | -2/Garrison | Build established: Botlord-Tank 35430 | -2/Garrison | Triggered checkpoint 35440 | -2/Garrison | Triggered checkpoint 35448 | -2/Garrison | Garrison Relay disabled 35531 | -2/Garrison | Expanded RIF knowledge: Zone Cloak 35819 | -2/Garrison | Phase Generator disabled 35989 | -2/Garrison | Discovered new exit (range 3) 36068 | -2/Garrison | Triggered checkpoint 36190 | -2/Garrison | Discovered new exit (range 10) 36254 | -2/Garrison | Lost 4 allies 36272 | -2/Garrison | Found Relay Coupler [Proto] 36352 | -2/Garrison | Spotted Striker 36357 | -2/Garrison | Spotted Striker 36358 | -2/Garrison | Triggered checkpoint 36395 | -2/Garrison | Garrison Relay disabled 36475 | -2/Garrison | Entered Research 36475 | -2/Research | Accompanied by 11 allies 36618 | -2/Research | Lost 11 allies 36713 | -2/Research | Identified exit to Garrison 36713 | -2/Research | Entered Garrison 36713 | -2/Garrison | Accompanied by 2 allies 36713 | -2/Garrison | Spotted B-90 Cyclops 36739 | -2/Garrison | Destroyed B-90 Cyclops 36798 | -2/Garrison | Rewired B-75 Beast 37239 | -2/Garrison | Found Relay Coupler [Proto] 37250 | -2/Garrison | Found Relay Coupler [Proto] 37343 | -2/Garrison | Garrison Relay disabled 37356 | -2/Garrison | Triggered checkpoint 37410 | -2/Garrison | Lost 5 allies 37831 | -2/Garrison | System corruption reached 10% 37872 | -2/Garrison | Spotted B-90 Cyclops 37884 | -2/Garrison | Triggered checkpoint 37885 | -2/Garrison | Triggered checkpoint 37888 | -2/Garrison | Triggered checkpoint 37916 | -2/Garrison | Destroyed B-90 Cyclops 38059 | -2/Garrison | Discovered new exit (range 32) 38059 | -2/Garrison | Discovered new exit (range 61) 38059 | -2/Garrison | Discovered new exit (range 37) 38073 | -2/Garrison | Triggered checkpoint 38111 | -2/Garrison | Garrison Relay disabled 38499 | -2/Garrison | Triggered checkpoint 38575 | -2/Garrison | Expanded RIF knowledge: Autoassimilate 38594 | -2/Garrison | Triggered checkpoint 38622 | -2/Garrison | Garrison Relay disabled 38715 | -2/Garrison | Entered Access 38715 | -1/Access | Accompanied by 3 allies 38715 | -1/Access | Evolved 2 slots: Power x1, Utility x1 38965 | -1/Access | First assault squad dispatched 39022 | -1/Access | Lost 3 allies 39104 | -1/Access | Identified exit to Garrison 39113 | -1/Access | Entered Garrison 39113 | -1/Garrison | Accompanied by 2 allies 39191 | -1/Garrison | Triggered checkpoint 39196 | -1/Garrison | Build established: Botlord-Gunner 39247 | -1/Garrison | Garrison Relay disabled 39418 | -1/Garrison | Spotted B-99 Colossus 39435 | -1/Garrison | Triggered checkpoint 39443 | -1/Garrison | Triggered checkpoint 39457 | -1/Garrison | Assimilated Colossus 10a with formatsys_high 39466 | -1/Garrison | Triggered checkpoint 39502 | -1/Garrison | Lost 10 allies 39572 | -1/Garrison | Lost 3 allies 39767 | -1/Garrison | Expanded RIF knowledge: Zone Cloak 39784 | -1/Garrison | Triggered checkpoint 39788 | -1/Garrison | Discovered new exit (range 12) 39809 | -1/Garrison | Garrison Relay disabled 39880 | -1/Garrison | Spotted B-75 Beast 39882 | -1/Garrison | Rewired B-75 Beast 39885 | -1/Garrison | Rewired B-90 Cyclops 39886 | -1/Garrison | Destroyed B-75 Beast 40074 | -1/Garrison | Discovered new exit (range 11) 40093 | -1/Garrison | Triggered checkpoint 40127 | -1/Garrison | Garrison Relay disabled 40309 | -1/Garrison | Triggered checkpoint 40391 | -1/Garrison | Garrison Relay disabled 40425 | -1/Garrison | Discovered new exit (range 8) 40604 | -1/Garrison | Entered Access 40604 | -1/Access | Accompanied by 8 allies 40779 | -1/Access | Found Exp. Thermal Defense Suite 40817 | -1/Access | Garrison activated, responded to threat 40854 | -1/Access | First assault squad dispatched 40934 | -1/Access | P-80 Master assimilated allied Colossus 10a 40953 | -1/Access | Destroyed Colossus 10a 40988 | -1/Access | Lost 8 allies 41116 | -1/Access | Discovered new exit (range 8) 41129 | -1/Access | Entered Command 41315 | -1/Command | Spotted B-99 Colossus 42022 | -1/Command | Build established: Botlord-Tank 42155 | -1/Command | Spotted Striker 42171 | -1/Command | Spotted Alpha 7 42172 | -1/Command | Autoassimilated Alpha 7 with RIF 42174 | -1/Command | Spotted Alpha 7 42180 | -1/Command | Allies destroyed Striker 42197 | -1/Command | Assimilated Alpha 7 with formatsys_high 42239 | -1/Command | Spotted Striker 42239 | -1/Command | Spotted Executioner 42239 | -1/Command | Spotted Executioner 42239 | -1/Command | Spotted Executioner 42239 | -1/Command | Spotted Executioner 42240 | -1/Command | Autoassimilated Executioner with RIF 42240 | -1/Command | Autoassimilated Executioner with RIF 42240 | -1/Command | Autoassimilated Executioner with RIF 42240 | -1/Command | Autoassimilated Striker with RIF 42248 | -1/Command | Spotted B-99 Colossus 42287 | -1/Command | Assimilated Executioner with formatsys_high 42300 | -1/Command | Spotted B-99 Colossus 42349 | -1/Command | Lost 7 allies 42473 | -1/Command | Spotted Combat Programmer 42474 | -1/Command | Spotted Combat Programmer 42488 | -1/Command | Spotted M Guard 42489 | -1/Command | Autoassimilated M Guard with RIF 42490 | -1/Command | Spotted M Guard 42490 | -1/Command | Combat Programmer assimilated allied Terminator 10c 42497 | -1/Command | Destroyed Combat Programmer 42500 | -1/Command | System corruption reached 10% 42504 | -1/Command | Allies destroyed Combat Programmer 42509 | -1/Command | Allies destroyed M Guard 42525 | -1/Command | Lost 7 parts (1p2n1u3w) 42625 | -1/Command | Found Prototype Launcher 42868 | -1/Command | DAS Turret deployed 42871 | -1/Command | DAS Turret deployed 42873 | -1/Command | DAS Turret deployed 42932 | -1/Command | Met MAIN.C 42934 | -1/Command | 0b10 Conduit disabled 42973 | -1/Command | Allies destroyed MAIN.C Shell 42974 | -1/Command | MAIN.C activated Command garrisons 43033 | -1/Command | All MAIN.C guards destroyed 43075 | -1/Command | Released all parts (17) 43077 | -1/Command | Core integrity fell below 50% 43086 | -1/Command | Core integrity fell below 20% 43086 | -1/Command | Self-destructed Last Messages --------------- 43075_ Released Relay Coupler [Proto]. 43075_ Released Relay Coupler [Sentry]. 43075_ Released Exp. Thermal Defense Suite. 43075_ Released Hvy. Treads+. 43075_ Released Graphene Brace. 43075_ Released Hpw. Tractor Beam. 43075_ Released XL Autogun Subcomponent. [Achievement: Live, Flee, And Rebuild] 43075_ Dropped Adv. Medium Treads. 43076_ 0b10 Conduit collapses. 43076_ Acquired Plasma Cutter. 43076_ Knocked back. 43077_ 0b10 Conduit collapses. 43079_ Knocked back. 43080_ 0b10 Conduit collapses. 43081_ Acquired 15 matter. 43082_ 0b10 Conduit collapses. 43085_ System corrupted: Component data lost. 43085_ 0b10 Conduit collapses. [Achievement: 75k Club] Map ----- +----------------------------------------------------+ | ?????????????????????????????????????????????????? | | ?????????????????????????????????????????????????? | | ?????????????????????????????????????????????????? | | ?????????????????????????????????????????????????? | | ?????????????????????????????????????????????????? | | ?????????????????????????????????????????????????? | | ?????????????????????????????##################??? | | ??????????????????????????"""""" #??? | | ??????????????????????????? #??? | | ?????????????????????????"" #### | | ????????????????????????#" "" % | | ????????????????????????# | | ????????????????????????#"" " M ![ | | ????????????????????????# % |!] #### | | ????????????????????????# " % !=[]! #??? | | ????????????????????????# !! #??? | | ????????????????????????# == #??? | | ????????????????????????#"" % #??? | | ????????????????????????#"" #??? | | ????????????????????????# " #??? | | ????????????????????????# " #??? | | ????????????????????????# " " " #??? | | ????????????????????????" " " "" " " #??? | | ?????????????H??????????" % " " """" #??? | | ????????????????????????" " " " #??? | | ????????????????????????#@ " """"" " #??? | | ????????????????????????# % " " """"""""#??? | | ????????????????????????# "" " " " ?????? | | ????????????????????????###################??????? | | ?????????????????????????????????????????????????? | | ?????????????????????????????????????????????????? | | ?????????????????????????????????????????????????? | | ?????????????????????????????????????????????????? | | ?????????????????????????????????????????????????? | | ?????????????????????????????????????????????????? | | ?????????????????????????????????????????????????? | | ?????????????????????????????????????????????????? | | ?????????????????????????????????????????????????? | | ?????????????????????????????????????????????????? | | ?????????????????????????????????????????????????? | | ?????????????????????????????????????????????????? | | ?????????????????????????????????????????????????? | | ?????????????????????????????????????????????????? | | ?????????????????????????????????????????????????? | | ?????????????????????????????????????????????????? | | ?????????????????????????????????????????????????? | | ?????????????????????????????????????????????????? | | ?????????????????????????????????????????????????? | | ?????????????????????????????????????????????????? | | ?????????????????????????????????????????????????? | +----------------------------------------------------+ Best States ------------- Heat Dissipation 119 Energy Generation 43 Energy Capacity 770 Matter Stores 500 Matter Capacity 500 Sight Range 16 Robot Scan Range 18 Terrain Scan Density 10 Jamming Range 14 Armor Coverage 225 Resistance: TH 30 Resistance: EM 25 Core Shielding 30 Point Defense Rating 240 Weapon Cycling 25 Evasion (%) 43 Targeting Accuracy 12 Core Analysis 6 Recoil Reduction 10 Offensive Hacking 10 Relay Coupler Types 8 Relay Coupler Value 257 Item Schematics ----------------- None Robot Schematics ------------------ None Fabricated ------------ Nothing Repaired ---------- Nothing Studied --------- Com. Wheel | -8/Materials | Hacked Wheel | -8/Materials | Hacked Remote Datajack | -7/Factory | Hacked Arm. Huge Wheel | -4/Factory | Hacked Hvy. Treads | -4/Factory | Hacked Rnf. Antimatter Reactor | -4/Factory | Hacked Imp. Remote Datajack | -4/Factory | Hacked Alien Tech Used ----------------- None Achievements -------------- 75k Club Deep Understanding Ew, Corruption Ghost 'Em Immobile And Lovin' It Live, Flee, And Rebuild My Bad Plot Armor Sixth Sense We Love MA Well Done Who Guards The Bodyguard? Zeroed Repercussions Challenges ------------ None Game ------ Seed NodeSuperdenseSplitter Manual? 0 Play Time 06:47:50 Cumulative 1306.4 hours Start 2025.10.25 @ 00:09:37 End 2025.10.27 @ 00:26:15 Sessions 13 Manual Loads 0 Difficulty Rogue Special Mode None Game No. 614 Rogue 614 Adventurer 0 Explorer 0 Win Type - Total 24 Types 11/4/3/0/1/1/2/2/0/0 Lore% 91 Gallery% 89 Achievement% 55 Wizard Run 0 Options --------- Layout 0 ASCII 0 Keyboard 0 Movement Numpad Keybinds 0 Fullscreen 2 Font 24/Smallcaps Map View 76x50 Zoom Use 0% Tactical HUD 1 Map Filters NONE Filters SHIFT_HUE(315) Steam 1 RUN: 39dca04e-3d34-4f7c-b7c4-9d99b054b3d3